 Dungeon Crawl Stone Soup version 0.28.0-45-g0d030f2227 (webtiles) character file.

Game seed: 4045581769802858149

8402623 maxonian the Grand Master (level 27, 224/224 HPs)
             Began as an Octopode Transmuter on Apr 6, 2022.
             Was the Champion of the Shining One.
             Escaped with the Orb
             ... and 15 runes on Apr 9, 2022!
             The game lasted 14:06:21 (210245 turns).

maxonian the Grand Master (Octopode Transmuter)   Turns: 210245, Time: 14:06:21

Health: 224/224    AC: 10    Str: 18    XL:     27
Magic:  57/57      EV: 37    Int: 57    God:    the Shining One [******]
Gold:   11111      SH: 40    Dex: 22    Spells: 17/80 levels left

rFire   + + .      SeeInvis +   b - staff of conjuration
rCold   + + .      Faith    .   C - +8 tower shield {AC+3}
rNeg    + + +      Spirit   .   z - +2 hat {Will+}
rPois   +          Reflect  +   L - amulet "Pozae" {Reflect Fragile Int+10 Dex+3 SH+5}
rElec   +          Harm     .   a - ring "Daonloa" {rC+ Will+}
rCorr   +          Rampage  .   o - ring "Xacraq" {Contam rF+ EV+4 Int+8}
Will    +++++                   G - ring of Youthful Indiscretion {MP+9 Int+6}
Stlth   +.........              E - ring of Sonit {+Blink rC+ Will+ Int+4}
HPRegen 0.47/turn               x - ring "Qeurch Haem" {Ice rCorr Int+6}
MPRegen 0.35/turn               q - ring of Accord {rPois rN+ Will+ Str+2 Dex+6}
                                i - ring of the Seven Emperors {rElec rF+ AC+4 SInv}
                                y - ring of the Twenty Youths {Fire Contam rCorr Str+3 SInv}

@: hasted, glowing, studying 3 skills, very quick
A: almost no armour, amphibious, 8 rings, camouflage 1, gelatinous body 1,
(nimble swimmer 1), tentacles, antennae 1, deterioration 1, dopey 1, low MP 1,
strong-willed 1, subdued magic 1
0: Orb of Zot
}: 15/15 runes: serpentine, barnacled, slimy, silver, golden, iron, obsidian,
icy, bone, abyssal, demonic, glowing, magical, fiery, dark
a: Renounce Religion, Evoke Blink, Divine Shield, Cleansing Flame, Summon Divine
Warrior, Brand Weapon With Holy Wrath


You escaped.
You worshipped the Shining One.
The Shining One was exalted by your worship.
You visited 18 branches of the dungeon, and saw 89 of its levels.
You visited Pandemonium 3 times, and saw 37 of its levels.
You visited the Abyss 1 time.
You also visited: Sewer, Gauntlet, Volcano and Wizlab.

You collected 15957 gold pieces.
You spent 4846 gold pieces at shops.

Inventory:

Hand Weapons
 D - the +11 whip of the Curious Youths {vorpal, +Blink rF- rC+ rN+}
   (You found it on level 1 of the Elven Halls)

   It inflicts extra damage upon your enemies.
   rF:        It makes you vulnerable to fire.
   rC:        It protects you from cold.
   rN:        It protects you from negative energy.
   +Blink:    It lets you blink.
 X - the +7 flail "Wukob" {vorpal, rF+}
   (You found it on level 3 of the Tomb of the Ancients)

   It inflicts extra damage upon your enemies.
   rF:        It protects you from fire.
Missiles
 F - 8 throwing nets
Armour
 z - a +2 hat of willpower (worn)
   (You took it off Gastronok on level 3 of the Lair of Beasts)
 C - a +8 tower shield of protection (worn)
   (You found it on level 3 of the Shoals)
Magical Staves
 b - a staff of conjuration (weapon)
   (You found it on level 4 of the Shoals)
 w - a staff of cold
   (You found it on level 5 of the Vaults)
 P - a staff of fire
   (You found it on level 5 of the Lair of Beasts)
Jewellery
 a - the ring "Daonloa" (left tentacle) {rC+ Will+}
   (You found it on level 13 of the Dungeon)

   [ring of willpower]

   rC:        It protects you from cold.
   Will:      It increases your willpower.
 c - the ring "Deazeanisk" {MP+9 Int+3 Dex+4}
   (You took it off a seraph in Pandemonium)

   [ring of magical power]

   Int:       It affects your intelligence (+3).
   Dex:       It affects your dexterity (+4).
   MP:        It affects your magic capacity (+9).
 g - the ring of Law {+Blink rC+ Str+4}
   (You found it on level 7 of Gehenna)

   [ring of protection from cold]

   Str:       It affects your strength (+4).
   rC:        It protects you from cold.
   +Blink:    It lets you blink.
 i - the ring of the Seven Emperors (on tentacle) {rElec rF+ AC+4 SInv}
   (You acquired it on level 2 of the Elven Halls)

   [ring of protection]

   AC:        It affects your AC (+4).
   rF:        It protects you from fire.
   rElec:     It insulates you from electricity.
   SInv:      It lets you see invisible.
 j - the ring "Beotwo Kusal" {Wiz Fly}
   (You found it on level 3 of the Snake Pit)

   [ring of wizardry]

   It improves your spell success rate.
   Fly:       It grants you flight.
 k - the ring "Molurodill" {rF+ Will+ MP+9 Slay-4}
   (You took it off a deep elf master archer on level 3 of the Elven Halls)

   [ring of willpower]

   Slay:      It affects your accuracy & damage with ranged weapons and melee
   (-4).
   rF:        It protects you from fire.
   MP:        It affects your magic capacity (+9).
   Will:      It increases your willpower.
 o - the ring "Xacraq" (right tentacle) {Contam rF+ EV+4 Int+8}
   (You bought it in a shop on level 2 of the Depths)

   [ring of evasion]

   EV:        It affects your evasion (+4).
   Int:       It affects your intelligence (+8).
   rF:        It protects you from fire.
   Contam:    It causes magical contamination when unequipped.
 q - the ring of Accord (on tentacle) {rPois rN+ Will+ Str+2 Dex+6}
   (You found it on level 1 of the Vaults)

   [ring of dexterity]

   Str:       It affects your strength (+2).
   Dex:       It affects your dexterity (+6).
   rPois:     It protects you from poison.
   rN:        It protects you from negative energy.
   Will:      It increases your willpower.
 v - the ring "Umotsunob" {rN+ Int+8 Slay-3}
   (You found it on level 1 of the Vaults)

   [ring of positive energy]

   Int:       It affects your intelligence (+8).
   Slay:      It affects your accuracy & damage with ranged weapons and melee
   (-3).
   rN:        It protects you from negative energy.
 x - the ring "Qeurch Haem" (on tentacle) {Ice rCorr Int+6}
   (You took it off a minotaur in a Gauntlet)

   [ring of ice]

   It enhances your ice magic.
   Int:       It affects your intelligence (+6).
   rF:        It makes you vulnerable to fire.
   rC:        It protects you from cold.
   rCorr:     It protects you from acid and corrosion.
 y - the ring of the Twenty Youths (on tentacle) {Fire Contam rCorr Str+3 SInv}
   (You found it on level 7 of Gehenna)

   [ring of fire]

   It enhances your fire magic.
   Str:       It affects your strength (+3).
   rF:        It protects you from fire.
   rC:        It makes you vulnerable to cold.
   SInv:      It lets you see invisible.
   Contam:    It causes magical contamination when unequipped.
   rCorr:     It protects you from acid and corrosion.
 E - the ring of Sonit (on tentacle) {+Blink rC+ Will+ Int+4}
   (You found it in Pandemonium)

   [ring of willpower]

   Int:       It affects your intelligence (+4).
   rC:        It protects you from cold.
   +Blink:    It lets you blink.
   Will:      It increases your willpower.
 G - the ring of Youthful Indiscretion (on tentacle) {MP+9 Int+6}
   (You bought it in a shop on level 2 of the Orcish Mines)

   [ring of intelligence]

   Int:       It affects your intelligence (+6).
   MP:        It affects your magic capacity (+9).
 L - the amulet "Pozae" (around mantle) {Reflect Fragile Int+10 Dex+3 SH+5}
   (You found it in Pandemonium)

   [amulet of reflection]

   It reflects blocked missile attacks.
   Int:       It affects your intelligence (+10).
   Dex:       It affects your dexterity (+3).
   Fragile:   It will be destroyed if unequipped.
   SH:        It affects your SH (+5).
 O - the ring of the Tortoise {AC+8}
   (You found it on level 3 of the Tomb of the Ancients)

   [ring of protection]

   AC:        It affects your AC (+8).
 R - the ring "Sanogg" {Wiz Dex+4 SInv}
   (You found it in Pandemonium)

   [ring of wizardry]

   It improves your spell success rate.
   Dex:       It affects your dexterity (+4).
   SInv:      It lets you see invisible.
 T - the ring "Betouxti" {rF+ Dex+6}
   (You took it off an angel in Pandemonium)

   [ring of dexterity]

   Dex:       It affects your dexterity (+6).
   rF:        It protects you from fire.
Wands
 A - a wand of digging (5)
   (You found it on level 1 of the Shoals)
Scrolls
 d - 5 scrolls of silence
 l - 17 scrolls of vulnerability
 n - 22 scrolls of teleportation
 p - 4 scrolls of amnesia
 s - 5 scrolls of summoning
 u - 11 scrolls of immolation
 H - 3 scrolls of enchant weapon
 I - 15 scrolls of fog
 K - a scroll of blinking
 Q - 21 scrolls of fear
 U - 6 scrolls of enchant armour
 V - 5 scrolls of magic mapping
 Y - 9 scrolls of holy word
Potions
 e - 39 potions of curing
 f - 3 potions of haste
 h - 13 potions of heal wounds
 m - 7 potions of resistance
 r - 8 potions of might
 t - 3 potions of magic
 B - 7 potions of cancellation
 M - 7 potions of flight
 N - 6 potions of berserk rage
 S - 13 potions of brilliance
 Z - 6 potions of ambrosia
Miscellaneous
 J - a phantom mirror
   (You found it on level 6 of the Lair of Beasts)
 W - a lightning rod (4/4)
   (You found it in Pandemonium)


   Skills:
 O Level 27 Fighting
 - Level 24.1 Dodging
 O Level 27 Shields
 O Level 27 Unarmed Combat
 O Level 27 Spellcasting
 - Level 23.0 Conjurations
 - Level 5.0 Hexes
 - Level 5.0 Summonings
 - Level 5.3 Necromancy
 - Level 14.0 Transmutations
 - Level 23.0 Fire Magic
 - Level 23.1 Ice Magic
 - Level 8.1 Air Magic
 + Level 21.8 Earth Magic
 - Level 10.0 Invocations


You had 17 spell levels left.
You knew the following spells:

 Your Spells              Type           Power      Damage    Failure   Level
a - Starburst             Conj/Fire      91%        6d23      0%          6
b - Ozocubu's Refrigerat  Ice            78%        4d20      0%          7
c - Lehudib's Crystal Sp  Conj/Erth      77%        10d17     1%          8
d - Ignition              Fire           78%        3d20      1%          8
e - Irradiate             Conj/Tmut      73%        3d38      0%          5
f - Polar Vortex          Ice            78%        N/A       1%          9
g - Fire Storm            Conj/Fire      91%        8d23      1%          9
h - Summon Mana Viper     Hex/Summ       80%        N/A       1%          5
j - Statue Form           Tmut/Erth      80%        N/A       0%          6

Your spell library contained the following spells:

 Spells                   Type           Power      Damage    Failure   Level
 Animate Skeleton         Necr           100%       N/A       0%          1
 Beastly Appendage        Tmut           100%       N/A       0%          1
 Foxfire                  Conj/Fire      100%       2x1d9     0%          1
 Freeze                   Ice            100%       1d11      0%          1
 Magic Dart               Conj           100%       1d8       0%          1
 Pain                     Necr           100%       1d9       0%          1
 Sandblast                Erth           100%       2d20      0%          1
 Shock                    Conj/Air       100%       1d9       0%          1
 Slow                     Hex            100%       N/A       0%          1
 Sting                    Tmut/Pois      100%       1d8       0%          1
 Summon Small Mammal      Summ           100%       N/A       0%          1
 Call Imp                 Summ           80%        N/A       0%          2
 Corpse Rot               Necr/Air       100%       N/A       0%          2
 Ensorcelled Hibernation  Hex/Ice        100%       N/A       0%          2
 Passwall                 Tmut/Erth      100%       N/A       0%          2
 Poisonous Vapours        Pois/Air       100%       N/A       0%          2
 Scorch                   Fire           100%       2d10      0%          2
 Searing Ray              Conj           100%       2d8       0%          2
 Static Discharge         Conj/Air       100%       N/A       0%          2
 Sublimation of Blood     Necr           81%        N/A       0%          2
 Wereblood                Tmut           100%       N/A       0%          2
 Conjure Flame            Conj/Fire      100%       6-21      0%          3
 Dazzling Flash           Conj/Hex       100%       N/A       0%          3
 Frozen Ramparts          Ice            100%       1d12      0%          3
 Ignite Poison            Fire/Tmut/Pois 100%       N/A       0%          3
 Inner Flame              Hex/Fire       100%       N/A       0%          3
 Mephitic Cloud           Conj/Pois/Air  100%       N/A       0%          3
 Ozocubu's Armour         Ice            100%       N/A       0%          3
 Spider Form              Tmut/Pois      88%        N/A       0%          3
 Stone Arrow              Conj/Erth      100%       3d13      0%          3
 Vampiric Draining        Necr           81%        2d11      0%          3
 Airstrike                Air            46%        N/A       0%          4
 Flame Wave               Conj/Fire      100%       2d17      0%          4
 Fulminant Prism          Conj/Hex       67%        3d28      0%          4
 Hailstorm                Conj/Ice       100%       3d20      0%          4
 Ice Form                 Ice/Tmut       100%       N/A       0%          4
 Iskenderun's Mystic Bla  Conj/Tloc      100%       2d19      0%          4
 Leda's Liquefaction      Hex/Erth       54%        N/A       0%          4
 Petrify                  Tmut/Erth      100%       N/A       0%          4
 Sticky Flame             Conj/Fire      100%       2d11      0%          4
 Summon Ice Beast         Ice/Summ       100%       N/A       0%          4
 Blade Hands              Tmut           55%        N/A       0%          5
 Borgnjor's Vile Clutch   Necr/Erth      54%        N/A       0%          5
 Fireball                 Conj/Fire      91%        3d33      0%          5
 Freezing Cloud           Conj/Ice/Air   85%        6-21      0%          5
 Iskenderun's Battlesphe  Conj           100%       2d15      0%          5
 Lee's Rapid Deconstruct  Erth           64%        3d30*     0%          5
 Lightning Bolt           Conj/Air       69%        1d94      0%          5
 Metabolic Englaciation   Hex/Ice        67%        N/A       0%          5
 Conjure Ball Lightning   Conj/Air       69%        3x3d26    0%          6
 Iron Shot                Conj/Erth      77%        9d14      0%          6
 Orb of Destruction       Conj           78%        9d18      0%          7
 Apportation              Tloc           100%       N/A       1%          1
 Blink                    Tloc           100%       N/A       1%          2
 Call Canine Familiar     Summ           80%        N/A       1%          3
 Confusing Touch          Hex            80%        N/A       1%          3
 Gell's Gravitas          Tloc           56%        N/A       1%          3
 Lesser Beckoning         Tloc           56%        N/A       1%          3
 Portal Projectile        Hex/Tloc       100%       N/A       1%          3
 Summon Guardian Golem    Hex/Summ       80%        N/A       1%          3
 Teleport Other           Tloc           56%        N/A       1%          3
 Tukima's Dance           Hex            80%        N/A       1%          3
 Anguish                  Hex/Necr       40%        N/A       1%          4
 Animate Dead             Necr           40%        N/A       1%          4
 Cause Fear               Hex            40%        N/A       1%          4
 Dispel Undead            Necr           81%        3d26      1%          4
 Olgreb's Toxic Radiance  Pois           56%        N/A       1%          4
 Passage of Golubria      Tloc           56%        N/A       1%          4
 Summon Lightning Spire   Summ/Air       86%        N/A       1%          4
 Agony                    Necr           81%        N/A       1%          5
 Alistair's Intoxication  Tmut/Pois      58%        N/A       1%          5
 Excruciating Wounds      Necr           40%        N/A       1%          5
 Manifold Assault         Tloc           56%        N/A       1%          5
 Silence                  Hex/Air        43%        N/A       1%          5
 Summon Forest            Summ/Tloc      34%        N/A       1%          5
 Yara's Violent Unravell  Hex/Tmut       48%        3d19      1%          5
 Death Channel            Necr           40%        N/A       1%          6
 Eringya's Noxious Bog    Tmut/Pois      44%        N/A       1%          6
 Simulacrum               Ice/Necr       67%        N/A       1%          6
 Summon Cactus Giant      Summ           40%        N/A       1%          6
 Dragon Form              Tmut           55%        N/A       1%          7
 Spellforged Servitor     Conj/Summ      67%        N/A       1%          7
 Storm Form               Tmut/Air       51%        N/A       1%          7
 Shatter                  Erth           64%        3d48*     1%          9
 Haunt                    Necr/Summ      40%        N/A       8%          7
 Enfeeble                 Hex            40%        N/A       9%          7
 Monstrous Menagerie      Summ           40%        N/A       9%          7
 Summon Hydra             Summ           40%        N/A       9%          7
 Necromutation            Tmut/Necr      48%        N/A       10%         8
 Dispersal                Tloc           28%        N/A       12%         6
 Chain Lightning          Conj/Air       69%        3d92      14%         9
 Maxwell's Capacitive Co  Air            46%        ∞         19%         8
 Malign Gateway           Summ/Tloc      34%        N/A       24%         7
 Infestation              Necr           40%        N/A       54%         8
 Discord                  Hex            40%        N/A       58%         8
 Disjunction              Tloc           28%        N/A       99%         8


Dungeon Overview and Level Annotations

Branches:
Dungeon (15/15)            Temple (1/1) D:4            Lair (6/6) D:8
 Shoals (4/4) Lair:3        Snake (4/4) Lair:2        Slime (5/5) Lair:6
    Orc (2/2) D:10            Elf (3/3) Orc:2        Vaults (5/5) D:14
  Crypt (3/3) Vaults:3       Tomb (3/3) Crypt:3      Depths (4/4) D:15
   Hell (visited)             Dis (7/7) Hell            Geh (7/7) Hell
    Coc (7/7) Hell            Tar (7/7) Hell            Zot (5/5) Depths:4
  Sewer (visited)         Volcano (visited)          WizLab (visited)
Gauntlet (visited)

Altars:
Ashenzari
Cheibriados
Dithmenos
Elyvilon
Fedhas
Gozag
Hepliaklqana
Kikubaaqudgha
Makhleb
Nemelex Xobeh
Okawaru
Qazlal
Ru
Sif Muna
Trog
Uskayaw
Vehumet
Wu Jian
Xom
Yredelemnul
Zin
The Shining One
Lugonu

Shops:
D:6 ([   D:10 !   D:14 (   Orc:2 =:*[   Elf:1 [[?!   Elf:2 ?   Elf:3 =
Snake:1 ?   Snake:4 =!:=[   Vaults:1 (   Vaults:3 !   Depths:1 :   Depths:2 =:=

Portals:
Hell: Depths:2 Depths:3 Depths:4
Abyss: D:5 Snake:3 Depths:3
Pandemonium: Depths:2
Ziggurat: Depths:1

Annotations:
D:1 exclusion: downstairs
D:3 1 runed translucent door, exclusion: downstairs
Vaults:4 2 transporters, exclusion: orange crystal statue, Bailed's ghost, veteran MiMo
Tomb:1 1 exclusion


Innate Abilities, Weirdness & Mutations

You cannot wear most types of armour.
You are amphibious.
You can wear up to eight rings at the same time.
Your skin changes colour to match your surroundings (Stealth+).
Your rubbery body absorbs attacks. (AC +1, EV +1)
((You are camouflaged when in or above water. (Stealth+)))
You have tentacles for arms and can constrict up to eight enemies at once.
You have a pair of small antennae on your head.
Your body sometimes deteriorates upon taking damage.
You are dopey. (Int -2)
Your magical capacity is low. (-10% MP)
You are strong-willed. (Will+)
Your spells are a little easier to cast, but a little less powerful.


Message History

You can't go down here!
You climb upwards.
There is a stone staircase leading down here.
A balrug and 2 sun demons come into view.
The balrug is wielding a +1 demon whip of venom.
Unknown command.
Casting: Lehudib's Crystal Spear (safe; 1% risk of failure)
Confirm with . or Enter, or press ? or * to list all spells.
You feel a surge of power!
The heat is drained from your surroundings.
You feel very cold.
The balrug and the sun demons are frozen.
The balrug is frozen!
The balrug is almost dead.
The sun demon is frozen!
You kill the sun demon!
The Shining One accepts your kill.
You feel your power returning.
The sun demon is frozen!
You kill the sun demon!
The Shining One accepts your kill.
You feel your power returning.
Your extra speed is starting to run out.
Casting: Ozocubu's Refrigeration (safe; 0% risk of failure)
Confirm with . or Enter, or press ? or * to list all spells.
You feel a surge of power!
The heat is drained from your surroundings.
You feel very cold.
The balrug is frozen.
The balrug is frozen!
You kill the balrug!
The Shining One accepts your kill.
You feel your power returning.
Unknown command.
You feel yourself slow down.
There is a stone staircase leading up here.
Magic restored.
You climb upwards.
Level annotation: 1 runed translucent door, exclusion: downstairs You can drink potions again.
There is a stone staircase leading down here.
You feel yourself speed up.
There is a stone staircase leading up here.
You climb upwards.
There is a stone staircase leading down here.
A Hell Sentinel comes into view.
There is a stone staircase leading up here.
You climb upwards.
Level annotation: exclusion: downstairs
There is a stone staircase leading down here.
There is an open door here.
There is a staircase leading out of the dungeon here.
You have escaped!

#.#.###. #######.#.###.
#...........#.
#.#######.#.#. #.# ##†....
### #.# #....## #.# #.#
#.##### #########.###.# #.#
## #.....'..@..'.# #.# #.
#.#######.####### #.# #.
#.#.............# #.# #.
##.####.#####.#### #.# #.
#..# ##.#####.## #.####.
#.####.........# ####......
#...######.#######...#####.
#...+...........'.....## ##
#.#.######.######......#


There were no monsters in sight!

Vanquished Creatures
  Cerebov (Pan)
  Antaeus (Coc:7)
  Asmodeus (Geh:7)
  Ereshkigal (Tar:7)
  the Royal Jelly (Slime:5)
  Gloorx Vloq (Pan)
  18 pandemonium lords
  the Serpent of Hell (Dis:7)
  Lom Lobon (Pan)
  A seraph (Pan)
  Mnoleg (Pan)
  Khufu (Tomb:3)
  6 dread liches
  2 orbs of fire (Zot:5)
  Mara (Vaults:5)
  6 juggernauts
  12 ancient liches
  Mennas (Vaults:5)
  38 royal mummies
  Boris (twice) (Tomb:1 Tomb:2)
  10 Killer Klowns
  16 shard shrikes
  5 curse toes
  16 caustic shrikes
  Geryon (Hell)
  15 golden dragons
  Nikola (Elf:1)
  18 bone dragons
  2 pearl dragons (Pan)
  13 profane servitors
  14 doom hounds
  A Hellbinder (WizLab)
  32 Tzitzimimeh
  8 iron giants
  32 Brimstone Fiends
  7 electric golems
  22 tainted leviathans
  A shard shrike zombie (Abyss:4)
  32 Ice Fiends
  18 hellephants
  23 tentacled monstrosities
  A spectral shard shrike (Tar:6)
  18 searing wretches
  39 Hell Sentinels
  15 liches
  9 titans
  A deep elf blademaster (Elf:3)
  27 Orb Guardians
  2 deep elf master archers (Elf:3)
  19 acid blobs
  A walking divine tome (Depths:3)
  4 quicksilver dragons
  A kraken (Shoals:3)
  69 Executioners
  Gastronok (Lair:3)
  10 tentacled starspawn
  14 death cobs
  12 sphinxes
  36 ancient champions
  10 revenants
  7 tengu reavers
  9 draconian knights
  Roxanne (D:15)
  13 shadow dragons
  2 nagarajas
  Donald (Elf:2)
  11 narguns
  17 storm dragons
  4 draconian monks
  17 rockslimes
  25 daevas (Pan)
  21 demonspawn warmongers (Pan)
  9 frost giants
  10 azure jellies
  11 fire giants
  13 quicksilver elementals
  A spectral caustic shrike (Tar:5)
  54 cacodemons
  5 shard shrike simulacra
  39 angels (Pan)
  11 ghost moths
  Aizul (Vaults:3)
  7 iron dragons
  8 draconian scorchers
  7 deep elf sorcerers (Elf:3)
  The ghost of Xoagupt the Thaumaturge, a journeyman GnWz of Sif Muna (Snake:3)
  3 draconian stormcallers
  15 vault wardens
  7 deep elf elementalists
  2 spectral juggernauts
  3 curse skulls
  10 draconian shifters
  77 balrugs
  29 very ugly things
  7 draconian annihilators
  30 demonspawn blood saints (Pan)
  20 ironbound preservers
  26 demonspawn corrupters (Pan)
  6 quicksilver oozes
  57 reapers
  A spriggan defender (Depths:2)
  6 ghouls (Crypt:2)
  7 vampire knights
  2 caustic shrike skeletons
  18 green draconians
  23 ophanim (Pan)
  30 war gargoyles
  17 stone giants
  18 elemental wellsprings
  27 demonspawn black suns
  11 black draconians
  44 apis (Pan)
  6 ironbound thunderhulks
  41 lorocyprocas
  7 deep elf demonologists
  3 spectral titans
  13 purple draconians
  6 bennus
  A minotaur (Gauntlet)
  9 white draconians
  33 putrid mouths
  15 yellow draconians
  Azrael (Orc:2)
  14 wendigos
  21 deep elf annihilators
  2 halazid warlocks (Tar:5)
  5 dire elephants
  15 red draconians
  38 blizzard demons
  5 entropy weavers
  7 iron golems
  65 green deaths
  9 jiangshi
  9 eidola
  5 merfolk javelineers
  11 deep elf death magi
  A quicksilver dragon zombie (Crypt:2)
  24 mummy priests
  2 spectral quicksilver dragons
  16 ettins
  4 fire dragons
  19 yaktaur captains
  Josephine (D:10)
  A crystal guardian (Vaults:2)
  3 spriggan zombies
  A fenstrider witch zombie (Crypt:2)
  29 vault guards
  10 deep elf high priests
  8 hydras
  10 merfolk impalers
  15 great orbs of eyes
  11 ice dragons
  9 rakshasas
  3 spectral spriggans
  6 spriggan air magi
  15 anacondas
  9 hell beasts
  7 ironbound frosthearts
  4 ogre magi
  7 salamander tyrants
  6 spriggan skeletons
  5 death knights
  3 fenstrider witch skeletons
  5 caustic shrike simulacra
  9 juggernaut simulacra
  3 peacekeepers
  13 boulder beetles
  23 naga warriors
  17 centaur warriors
  A two-headed ogre (shapeshifter) (Vaults:5)
  2 merfolk avatars
  33 dancing weapons
  A spectral stone giant (Tar:6)
  6 stokers
  2 alligator snapping turtles
  A radroach (shapeshifter) (Vaults:5)
  5 merfolk aquamancers (Shoals:4)
  16 two-headed ogres
  10 death yaks
  2 catoblepae
  9 deep troll earth magi
  5 vampire magi
  2 spectral dire elephants
  5 orc high priests (Orc:2)
  92 death scarabs
  21 hell hogs
  9 naga sharpshooters
  4 tengu warriors
  A holy swine (Pan)
  A titan zombie (Crypt:2)
  15 shock serpents
  5 deep troll shamans
  4 spriggan berserkers
  9 thrashing horrors (Abyss:4)
  6 wretched stars
  115 soul eaters
  3 crystal echidnas
  14 hell knights
  2 fire crabs (Abyss:4)
  12 deep elf knights
  79 sixfirhies
  27 skeletal warriors
  3 spectral death yaks (Lair:6)
  237 sun demons
  A titan skeleton (Pan)
  9 iron trolls
  5 salamander mystics (Snake:4)
  2 golden dragon zombies
  28 shadow wraiths
  3 quicksilver dragon simulacra
  An anaconda zombie (Tomb:1)
  15 cherubim (Pan)
  10 sea snakes
  A storm dragon skeleton (Crypt:2)
  63 deep trolls
  18 flayed ghosts
  3 spatial maelstroms
  2 death drakes (Zot:3)
  3 spectral anacondas
  5 deep elf archers
  2 spriggan simulacra
  A golden dragon skeleton (Crypt:3)
  12 glowing orange brains
  7 naga ritualists
  26 shadow demons
  An obsidian statue (Lair:6)
  10 lindwurms
  21 phantasmal warriors
  4 oklob plants (Lair:6)
  11 necromancers
  4 anaconda skeletons
  5 bog bodies
  22 harpies
  6 orc knights (Orc:2)
  20 wizards
  27 ironbound convokers
  4 bunyip skeletons
  An orc sorcerer (Orc:2)
  33 deep elf pyromancers
  A mana viper (shapeshifter) (D:15)
  A wolf spider zombie (Crypt:2)
  17 deep elf zephyrmancers
  A draconian zombie (Crypt:2)
  14 mana vipers
  2 fauns (Shoals:2)
  2 worldbinders (Abyss:4)
  14 manticores
  A spectral ettin (Tar:4)
  A shadow dragon skeleton (Zot:3)
  8 cyclopes
  14 shining eyes
  11 salamanders
  2 iron dragon zombies
  50 ugly things
  A frost giant zombie (Crypt:1)
  2 stone giant skeletons
  An iron dragon skeleton (Pan)
  33 moths of wrath
  7 elephants
  2 guardian serpents (shapeshifter)
  An ice statue (Coc:7)
  23 vault sentinels
  10 guardian serpents
  15 rust devils
  2 dire elephant zombies
  2 toenail golems
  31 black mambas
  6 merfolk sirens
  3 titan simulacra
  14 naga magi
  6 apocalypse crabs (Abyss:4)
  4 centaur zombies
  6 fire giant skeletons (Crypt:3)
  Maggie (D:6)
  5 gargoyles
  73 orange demons
  12 water nymphs
  5 eyes of devastation
  3 torpor snails
  A shock serpent skeleton (Crypt:2)
  157 smoke demons
  4 molten gargoyles (Volcano)
  A storm dragon simulacrum (Hell)
  An unseen horror (shapeshifter) (Elf:1)
  6 unseen horrors
  2 minotaur zombies
  An orb spider zombie (Crypt:1)
  19 cane toads
  An alligator snapping turtle skeleton (Pan)
  2 rime drakes
  18 efreet
  A sea snake zombie (Hell)
  96 hellions
  2 spectral nagas
  6 komodo dragons
  A redback zombie (Crypt:2)
  44 tormentors
  6 anaconda simulacra
  2 iron giant simulacra
  38 starcursed masses
  A yellow draconian skeleton (Crypt:2)
  11 freezing wraiths
  30 yaktaurs
  60 guardian mummies
  3 kobold demonologists (D:13)
  A white draconian skeleton (Crypt:1)
  68 hellwings
  A bunyip simulacrum (Tomb:1)
  46 demonic crawlers
  14 ice devils
  4 tengu conjurers
  7 trolls
  A black draconian skeleton (Zot:3)
  A harpy zombie (Abyss:4)
  6 meliai
  A queen bee (Abyss:4)
  2 silent spectres
  3 hydra zombies (Hell)
  3 golden dragon simulacra (Coc:5)
  4 spectral harpies
  5 ancient zymes (Abyss:4)
  23 red devils (Pan)
  16 merfolk
  A polar bear (Lair:4)
  Grinder (D:4)
  12 wind drakes
  A moth of wrath zombie (Zot:3)
  3 harpy skeletons
  A shadow dragon simulacrum (Coc:1)
  8 hornets
  8 iron dragon simulacra
  100 slime creatures
  14 dream sheep
  A hydra skeleton (Crypt:2)
  A raiju (shapeshifter) (Vaults:5)
  24 raiju (Abyss:4)
  2 stone giant simulacra
  2 spectral elephants (Lair:6)
  A snapping turtle (shapeshifter) (Vaults:5)
  27 blink frogs
  A fire dragon zombie (Crypt:3)
  5 snapping turtles
  An ice dragon skeleton (Pan)
  10 air elementals
  26 flying skulls
  The ghost of doomsgape the Ruffian, an amateur GrTm (D:5)
  2 alligator skeletons (Hell)
  A jumping spider (shapeshifter) (D:13)
  4 centaur simulacra
  8 vampires
  2 ettin skeletons
  13 wraiths
  A merfolk skeleton (Pan)
  147 ynoxinuls
  10 fire dragon skeletons (Crypt:3)
  10 shadows
  A yak (shapeshifter) (Depths:1)
  4 spriggans
  Eustachio (D:4)
  12 ushabtiu
  9 fire elementals
  26 water elementals
  2 alligator snapping turtle simulacra
  3 basilisks
  3 dire elephant simulacra
  Grum (D:11)
  4 wyverns
  51 yaks
  2 black mamba skeletons
  4 fire bats (Pan)
  91 chaos spawn
  3 steam dragons
  4 golden eyes
  A death yak simulacrum (Lair:6)
  11 spatial vortices
  78 neqoxecs
  A redback (shapeshifter) (Vaults:5)
  2 redbacks (Vaults:3)
  9 vampire mosquitoes
  A warg (Orc:2)
  10 harpy simulacra
  189 large abominations
  A swamp worm (shapeshifter) (Abyss:4)
  19 small abominations
  39 nagas
  An acid dragon (D:7)
  A naga zombie (Crypt:2)
  7 hell hounds
  7 water moccasins
  29 orc warriors
  5 floating eyes
  2 hydra simulacra
  7 naga skeletons
  An ice beast (D:6)
  A deep troll skeleton (Pan)
  2 black bears
  A manticore zombie (Crypt:1)
  An elephant zombie (Lair:6)
  3 ettin simulacra
  4 necrophages
  A black bear (shapeshifter) (D:15)
  8 ogres
  17 wolves
  A boggart (Vaults:1)
  15 centaurs
  2 phantoms
  5 kobold brigands
  A rime drake skeleton (Crypt:2)
  Blork the orc (D:4)
  A fire crab zombie (Crypt:2)
  15 bullfrogs
  4 earth elementals
  2 gnoll sergeants
  A water moccasin zombie (D:5)
  5 cane toad simulacra
  5 naga simulacra
  3 scorpions
  15 killer bees
  2 elephant simulacra (Lair:6)
  A troll skeleton (Crypt:1)
  10 wights
  3 electric eels
  9 howler monkeys
  8 crimson imps (Pan)
  3 bullfrog zombies
  3 jellies
  2 human zombies (Crypt:1)
  A basilisk zombie (Crypt:1)
  3 hounds
  23 orc priests
  3 bullfrog skeletons (D:5)
  5 centaur skeletons
  4 iron imps
  4 human skeletons (Crypt:1)
  4 iguanas
  14 orc wizards
  A killer bee zombie (D:9)
  A hound zombie (D:5)
  3 hound skeletons
  66 mummies
  A howler monkey zombie (D:9)
  8 gnolls
  2 howler monkey skeletons (D:6)
  2 river rats (Sewer)
  11 adders
  2 shadow imps (Tar:7)
  4 white imps
  5 ufetubi
  A lava snake zombie (Crypt:2)
  2 adder skeletons
  2 worms (D:2)
  3 dart slugs
  77 orcs
  12 ball pythons
  3 bats
  7 endoplasms
  2 giant cockroaches (D:3)
  4 goblins
  11 hobgoblins
  10 jackals
  5 quokkas
  3 frilled lizards
  47 kobolds
  27 rats
  A river rat skeleton (Crypt:2)
  3 ball lightnings (Pan)
  4 creeping infernos
  373 fire vortices
  A fulminant prism (D:14)
  3 lurking horrors
  A plant (Pan)
  10 starspawn tentacles
  5 tentacles
  5 withered plants (Lair:6)
6421 creatures vanquished.

Vanquished Creatures (collateral kills)
  A pandemonium lord (Pan)
  Dispater (Dis:7)
  2 royal mummies (Tomb:1)
  A golden dragon (Zot:5)
  A Tzitzimitl (Tar:6)
  A tainted leviathan (Tar:7)
  An Orb Guardian (Zot:5)
  A daeva (Pan)
  A demonspawn warmonger (Pan)
  A cacodemon (Pan)
  4 apis (Pan)
  A death scarab (Tomb:3)
  A soul eater (Pan)
  A large abomination (Pan)
  3 sixfirhies (Pan)
  A moth of wrath (Zot:5)
  A worldbinder (Abyss:4)
  A demonic crawler (Pan)
  A guardian mummy (Tomb:3)
  2 slime creatures (Slime:4)
  2 ynoxinuls (Pan)
  2 neqoxecs (Pan)
  2 harpy simulacra
  A naga simulacrum (Coc:7)
  A small abomination (Abyss:4)
  A mummy (Tomb:3)
36 creatures vanquished.

Vanquished Creatures (others)
  A pandemonium lord (Pan)
  A Hell Sentinel (Dis:7)
  A titan (Coc:2)
  An eldritch tentacle (Pan)
  A fire giant (Vaults:4)
  A shard shrike simulacrum (Coc:7)
  A wendigo (Coc:2)
  A demonspawn black sun (Pan)
  A kraken zombie (Hell)
  A naga warrior (Snake:2)
  A peacekeeper (Vaults:3)
  2 juggernaut simulacra
  2 soul eaters
  A deep elf knight (Elf:2)
  A swamp dragon (Abyss:4)
  A deep elf pyromancer (Elf:2)
  2 raiju (Abyss:4)
  An iron dragon simulacrum (Coc:2)
  A stone giant simulacrum (Coc:2)
  A water elemental (Elf:1)
  A small abomination (Abyss:4)
  An orc wizard (Orc:2)
  2 orcs
  A kobold (D:10)
  A bush (Lair:5)
  A creeping inferno (Geh:7)
  694 fire vortices
  10 fulminant prisms
  30 fungi
  A lurking horror (Abyss:2)
  98 plants
  12 starspawn tentacles (Abyss:4)
  9 tentacles
  42 withered plants
926 creatures vanquished.

Grand Total: 7383 creatures vanquished

Notes
Turn   | Place    | Note
-------+----------+-------------------------------------------
     0 | D:1      | maxonian the Octopode Transmuter began the quest for the
                  | Orb.
     0 | D:1      | Reached XP level 1. HP: 13/13 MP: 3/3
     5 | D:1      | Learned a level 1 spell: Pain
   324 | D:1      | Reached XP level 2. HP: 18/18 MP: 5/5
   659 | D:1      | Reached skill level 1 in Necromancy
   798 | D:1      | Reached XP level 3. HP: 21/23 MP: 6/6
   969 | D:2      | Found a glowing silver altar of Zin.
  1523 | D:2      | Reached XP level 4. HP: 20/29 MP: 1/7
  1642 | D:2      | Found a faded altar of an unknown god.
  2279 | D:2      | Reached XP level 5. HP: 35/35 MP: 9/9
  2417 | D:3      | Found a burning altar of Makhleb.
  2486 | D:3      | Found a glowing drain.
  2543 | Sewer    | Entered a sewer
  2608 | Sewer    | Identified the +5 hunting sling "Koxkom" {venom, Int+2}
  3510 | D:3      | Learned a level 1 spell: Animate Skeleton
  3539 | D:3      | Reached XP level 6. HP: 41/41 MP: 10/10
  4039 | D:3      | Noticed a human
  4040 | D:3      | Found a runed translucent door.
  4045 | D:3      | Found a basalt altar of Yredelemnul.
  4197 | D:3      | Found a bloodstained altar of Trog.
  4381 | D:4      | Noticed Grinder
  4424 | D:4      | Noticed Eustachio
  4432 | D:4      | Killed Eustachio
  4433 | D:4      | Reached XP level 7. HP: 34/46 MP: 12/12
  4616 | D:4      | Learned a level 3 spell: Vampiric Draining
  4664 | D:4      | Paralysed by Grinder for 6 turns
  4674 | D:4      | Killed Grinder
  4675 | D:4      | Reached XP level 8. HP: 12/54 MP: 14/14
  4928 | D:4      | Learned a level 4 spell: Ice Form
  5033 | D:4      | Identified the +2 quarterstaff "Vecereug" {flame, Dex+4
                  | SInv}
  5162 | D:4      | Found a staircase to the Ecumenical Temple.
  5168 | Temple   | Entered the Ecumenical Temple
  5281 | Temple   | Became a worshipper of Sif Muna the Loreminder
  5445 | D:4      | Noticed Blork the orc
  5449 | D:4      | Killed Blork the orc
  5929 | D:5      | Entered Level 5 of the Dungeon
  5933 | D:5      | Reached skill level 5 in Transmutations
  5933 | D:5      | Reached skill level 1 in Ice Magic
  6101 | D:5      | Found a one-way gate to the infinite horrors of the Abyss.
  6101 | D:5      | Noticed doomsgape's ghost (amateur GrTm)
  6105 | D:5      | Found a transporter.
  6120 | D:5      | Found a transporter.
  6244 | D:5      | Reached skill level 5 in Fighting
  6245 | D:5      | Reached skill level 5 in Spellcasting
  6284 | D:5      | Identified the +8 scimitar of Integrity {elec, Contam
                  | Str+5}
  6378 | D:5      | Reached * piety under Sif Muna
  6462 | D:5      | Reached skill level 5 in Necromancy
  6477 | D:5      | Reached XP level 9. HP: 57/61 MP: 16/16
  7035 | D:6      | Identified the +5 flail of a bailey {drain, rF++ rN+
                  | Will++}
  7055 | D:6      | Noticed a troll
  7240 | D:6      | Found Umutwogu's Armour Shop.
  7687 | D:6      | Found Esmoge's Antique Weapon Emporium.
  7972 | D:6      | Noticed Maggie
  7982 | D:6      | Killed Maggie
  8021 | D:6      | Found a shadowy altar of Dithmenos.
  8514 | D:7      | You fall into a shaft and drop 3 floors!
  8514 | D:10     | Entered Level 10 of the Dungeon
  8514 | D:10     | Noticed a troll
  9088 | D:8      | Found a glowing golden altar of the Shining One.
  9182 | D:8      | Noticed a two-headed ogre
  9215 | D:8      | Killed a two-headed ogre
  9216 | D:8      | Reached XP level 10. HP: 46/69 MP: 19/19
  9490 | D:8      | Reached skill level 5 in Ice Magic
  9502 | D:8      | Reached skill level 5 in Unarmed Combat
  9598 | D:8      | Reached ** piety under Sif Muna
  9947 | D:8      | Noticed a death yak
  9962 | D:8      | Noticed a death yak
  9962 | D:8      | Noticed a death yak
 10028 | D:7      | Found a sparkling altar of Nemelex Xobeh.
 11874 | D:8      | Found a staircase to the Lair.
 11874 | D:8      | Noticed a death yak
 11879 | D:8      | Noticed a death yak
 11880 | D:8      | Noticed a death yak
 11897 | D:8      | Killed a death yak
 11898 | D:8      | Reached XP level 11. HP: 52/76 MP: 14/21
 11898 | D:8      | Noticed a death yak
 12288 | D:8      | Killed a death yak
 12357 | Lair:1   | Entered Level 1 of the Lair of Beasts
 13247 | Lair:1   | Learned a level 5 spell: Fireball
 14048 | Lair:2   | Reached skill level 1 in Conjurations
 14048 | Lair:2   | Reached skill level 1 in Fire Magic
 14603 | Lair:2   | Found a staircase to the Snake Pit.
 14946 | Lair:2   | Noticed a boulder beetle
 15911 | Lair:3   | Reached *** piety under Sif Muna
 15912 | Lair:3   | Reached XP level 12. HP: 68/84 MP: 21/24
 16561 | Lair:3   | Noticed Gastronok
 16638 | Lair:3   | Killed Gastronok
 17055 | Lair:3   | Found a staircase to the Shoals.
 17855 | Lair:4   | Noticed a catoblepas
 17878 | Lair:4   | Noticed a death yak
 17885 | Lair:4   | Killed a catoblepas
 18224 | Lair:3   | Killed a death yak
 18376 | Lair:4   | Noticed a four-headed hydra
 18387 | Lair:4   | Killed a four-headed hydra
 18731 | Lair:4   | Noticed a five-headed hydra
 18740 | Lair:4   | Killed a five-headed hydra
 19908 | Lair:4   | Noticed a five-headed hydra
 19917 | Lair:4   | Killed a five-headed hydra
 19918 | Lair:4   | Reached skill level 5 in Conjurations
 19918 | Lair:4   | Reached skill level 5 in Fire Magic
 19918 | Lair:4   | Reached XP level 13. HP: 84/91 MP: 22/26
 20523 | Lair:5   | Reached skill level 10 in Fighting
 21862 | Lair:4   | Reached **** piety under Sif Muna
 22138 | Lair:6   | Entered Level 6 of the Lair of Beasts
 23186 | Lair:6   | Reached skill level 10 in Spellcasting
 23537 | Lair:6   | Noticed a dire elephant
 23537 | Lair:6   | Noticed a dire elephant
 24087 | Lair:6   | Found a staircase to the Slime Pits.
 25253 | D:7      | Reached XP level 14. HP: 67/101 MP: 22/28
 25855 | D:9      | Identified the +8 spear of the Dwarven Hall {venom, rF+ rC-
                  | Will+}
 25870 | D:9      | Reached ***** piety under Sif Muna
 25870 | D:9      | Received a gift from Sif Muna
 25960 | D:9      | Got Sif Muna's Grimoire of the Arsonist and Transmigration
                  | {god gift}
 26397 | D:9      | HP: 5/121 [tengu warrior/+0 broad axe (3)]
 27366 | D:10     | Found Niasuzxa's Distillery.
 27373 | D:10     | Bought a potion of curing for 45 gold pieces
 27373 | D:10     | Bought a potion of heal wounds for 75 gold pieces
 27521 | D:10     | Noticed Josephine
 27537 | D:10     | Killed Josephine
 27742 | D:10     | Found a staircase to the Orcish Mines.
 27806 | D:10     | Found a snail-covered altar of Cheibriados.
 28532 | D:11     | Noticed Grum
 28544 | D:11     | Killed Grum
 29442 | D:12     | Identified the +6 short sword "Qabum" {venom, rElec Dex+2}
 29578 | D:12     | Identified the +2 trident of the Candle {antimagic,
                  | *Corrode rElec Int+8 Dex-3}
 30553 | D:13     | Found a huge runed gate.
 30554 | D:13     | Found a huge runed gate.
 30555 | D:13     | Found a huge runed gate.
 30556 | D:13     | Found a huge runed gate.
 30556 | D:13     | Found a huge runed gate.
 30557 | D:13     | Found a huge runed gate.
 30557 | D:13     | Found a huge runed gate.
 30557 | D:13     | Found a huge runed gate.
 30557 | D:13     | Found a huge runed gate.
 30557 | D:13     | Found a huge runed gate.
 30558 | D:13     | Found a huge runed gate.
 30559 | D:13     | Found a huge runed gate.
 30560 | D:13     | Found a huge runed gate.
 30561 | D:13     | Found a huge runed gate.
 30575 | D:13     | Found a huge runed gate.
 30580 | D:13     | Found a huge runed gate.
 30580 | D:13     | Found a huge runed gate.
 30580 | D:13     | Found a huge runed gate.
 30580 | D:13     | Found a huge runed gate.
 30580 | D:13     | Found a huge runed gate.
 30590 | D:13     | Received a gift from Sif Muna
 30591 | D:13     | Got Sif Muna's Catalogue of Enchanting Attacks {god gift}
 31080 | D:13     | Found a huge runed gate.
 31080 | D:13     | Found a huge runed gate.
 31081 | D:13     | Found a huge runed gate.
 31081 | D:13     | Found a huge runed gate.
 31081 | D:13     | Found a huge runed gate.
 31089 | D:13     | Found a huge runed gate.
 31089 | D:13     | Found a huge runed gate.
 31094 | D:13     | Found a huge runed gate.
 31102 | D:13     | Found a huge runed gate.
 31481 | D:13     | Found a huge runed gate.
 31481 | D:13     | Found a huge runed gate.
 31481 | D:13     | Found a huge runed gate.
 31481 | D:13     | Found a huge runed gate.
 31487 | D:13     | Found a huge runed gate.
 31487 | D:13     | Found a huge runed gate.
 31487 | D:13     | Found a huge runed gate.
 32402 | D:13     | Learned a level 5 spell: Irradiate
 32407 | D:13     | Learned a level 4 spell: Fulminant Prism
 32413 | D:13     | Learned a level 5 spell: Lightning Bolt
 32556 | D:14     | Reached skill level 10 in Unarmed Combat
 32862 | D:14     | Reached skill level 1 in Hexes
 32862 | D:14     | Reached skill level 1 in Air Magic
 33022 | D:14     | Found Sinas's Antique Weapon Boutique.
 33151 | D:13     | Reached XP level 15. HP: 108/108 MP: 8/30
 34682 | D:14     | Bought a dazzling morningstar for 270 gold pieces
 34682 | D:14     | Identified the +4 morningstar of the Well-Known Gods {holy,
                  | +Blink rF- rN+ Str+3} (You bought it in a shop on level 14
                  | of the Dungeon)
 34735 | D:14     | Found a gate to the Vaults.
 35055 | D:15     | Entered Level 15 of the Dungeon
 35120 | D:15     | Found a gate leading to a gauntlet.
 35144 | Gauntlet | Entered a Gauntlet
 35144 | Gauntlet | Found a transporter.
 35144 | Gauntlet | Found a transporter.
 35145 | Gauntlet | Found a transporter.
 35146 | Gauntlet | Found a transporter.
 35146 | Gauntlet | Found a transporter.
 35149 | Gauntlet | Found a transporter.
 35157 | Gauntlet | Found a transporter.
 35158 | Gauntlet | Found a transporter.
 35160 | Gauntlet | Found a transporter.
 35160 | Gauntlet | Found a transporter.
 35169 | Gauntlet | Found a transporter.
 35169 | Gauntlet | Found a transporter.
 35369 | Gauntlet | Identified the ring of Paebebimn {rPois rF+ rN+ Str-4
                  | Dex+8}
 35512 | Gauntlet | Reached skill level 5 in Air Magic
 35521 | Gauntlet | Identified the ring "Daxzywus" {rElec rF+ rCorr Str+3
                  | Slay-4}
 35574 | Gauntlet | Identified the ring "Qeurch Haem" {Ice rCorr Int+6}
 35684 | Gauntlet | Identified the +2 ring mail "Guvasaass" {Stlth+}
 35774 | D:15     | Learned a level 6 spell: Starburst
 36555 | D:15     | Paralysed by an ogre mage for 5 turns
 37160 | D:15     | Noticed a shadow dragon
 37474 | D:15     | Identified Roxanne's Catalogue of Moulding
 37474 | D:15     | Noticed Roxanne
 38252 | D:15     | Paralysed by something for 6 turns
 39512 | D:15     | Found a staircase to the Depths.
 41077 | Snake:1  | Entered Level 1 of the Snake Pit
 41082 | Snake:1  | Reached skill level 1 in Shields
 41082 | Snake:1  | Reached XP level 16. HP: 116/116 MP: 15/31
 41958 | Snake:1  | Received a gift from Sif Muna
 42384 | Snake:1  | Found Xytzew Iduo's Magic Scroll Emporium.
 42393 | Snake:1  | Bought a scroll of blinking for 105 gold pieces
 42393 | Snake:1  | Bought a scroll of magic mapping for 49 gold pieces
 43541 | Snake:2  | Reached skill level 5 in Dodging
 43839 | Snake:1  | Reached skill level 5 in Shields
 44085 | Snake:2  | Gained mutation: You do not regenerate when monsters are
                  | visible. [mutagenic glow]
 45783 | Snake:3  | Found a corrupted altar of Lugonu.
 46658 | Snake:3  | Noticed a nagaraja
 46793 | Snake:3  | Killed a nagaraja
 47091 | Snake:3  | Reached skill level 10 in Conjurations
 47091 | Snake:3  | Reached skill level 10 in Fire Magic
 47493 | Snake:3  | Found a transporter.
 47496 | Snake:3  | Noticed Xoagupt's ghost (journeyman GnWz)
 47521 | Snake:3  | Found a transporter.
 48168 | Snake:4  | Entered Level 4 of the Snake Pit
 48436 | Snake:4  | Reached XP level 17. HP: 95/121 MP: 7/32
 48574 | Snake:4  | Found Orahiloh's Antique Armour Emporium.
 50125 | Snake:4  | Found Mosimupp's Jewellery Boutique.
 50582 | Snake:4  | Found Zurola's Jewellery Shoppe.
 51608 | Snake:4  | Found Goikkes's Book Shoppe.
 51613 | Snake:4  | Found Fege's Distillery.
 51621 | Snake:4  | Bought a potion of haste for 140 gold pieces
 51621 | Snake:4  | Bought a potion of magic for 112 gold pieces
 51621 | Snake:4  | Bought a potion of heal wounds for 70 gold pieces
 51621 | Snake:4  | Bought a potion of heal wounds for 70 gold pieces
 51621 | Snake:4  | Bought a potion of haste for 140 gold pieces
 51621 | Snake:4  | Bought a potion of curing for 42 gold pieces
 53237 | Snake:4  | Got a serpentine rune of Zot
 53675 | Shoals:1 | Entered Level 1 of the Shoals
 53678 | Shoals:1 | Received a gift from Sif Muna
 54067 | Shoals:1 | Got Sif Muna's Disquisition on Battle Magic {god gift}
 55450 | Shoals:1 | Reached XP level 18. HP: 126/126 MP: 26/33
 57074 | Shoals:2 | You fall into a shaft and drop 1 floor!
 57990 | Shoals:3 | Learned a level 7 spell: Orb of Destruction
 58260 | Shoals:4 | Entered Level 4 of the Shoals
 58260 | Shoals:4 | Found a glowing golden altar of the Shining One.
 58275 | Shoals:4 | Received a gift from Sif Muna
 58281 | Shoals:4 | Learned a level 3 spell: Ozocubu's Armour
 59072 | Shoals:4 | Found a burning altar of Makhleb.
 59096 | Shoals:4 | Paralysed by an air elemental for 1 turns
 59205 | Shoals:4 | Reached skill level 15 in Conjurations
 60239 | Shoals:4 | Paralysed by an air elemental for 1 turns
 60701 | Shoals:4 | Identified the amulet of Tusetom {Acrobat rPois rF+ Dex+3}
 61014 | Shoals:4 | Got a barnacled rune of Zot
 61385 | D:15     | Killed Roxanne
 61534 | Vaults:1 | Entered Level 1 of the Vaults
 61577 | Vaults:1 | Reached skill level 1 in Earth Magic
 61822 | Vaults:1 | Received a gift from Sif Muna
 61823 | Vaults:1 | Got Sif Muna's Disquisition on Snow and Malediction {god
                  | gift}
 61929 | Vaults:1 | Identified the ring of Accord {rPois rN+ Will+ Str+2 Dex+6}
 62059 | Vaults:1 | Reached XP level 19. HP: 132/132 MP: 28/35
 63056 | Vaults:1 | Reached skill level 5 in Earth Magic
 63595 | Vaults:1 | Found Puwann's Weapon Shop.
 63649 | Vaults:1 | Learned a level 6 spell: Statue Form
 63967 | Vaults:1 | Found a transporter.
 63967 | Vaults:1 | Found a transporter.
 65951 | Vaults:2 | Reached skill level 10 in Transmutations
 66359 | Vaults:2 | Received a gift from Sif Muna
 66361 | Vaults:2 | Got Sif Muna's Handbook of Execration and Moulding {god
                  | gift}
 68236 | Vaults:2 | Reached skill level 10 in Earth Magic
 68487 | Vaults:3 | Reached XP level 20. HP: 138/138 MP: 28/37
 68986 | Vaults:3 | Noticed Aizul
 68993 | Vaults:3 | Killed Aizul
 70690 | Vaults:3 | Found a staircase to the Crypt.
 70690 | Vaults:3 | Found an ancient bone altar of Kikubaaqudgha.
 70693 | Vaults:3 | Found a basalt altar of Yredelemnul.
 71305 | Vaults:3 | Received a gift from Sif Muna
 71306 | Vaults:3 | Got Xolot's Guide on Destructive Changing {god gift}
 72013 | Vaults:3 | Found Ticugit's Distillery.
 72021 | Vaults:3 | Bought a potion of curing for 48 gold pieces
 72021 | Vaults:3 | Bought a potion of haste for 160 gold pieces
 72021 | Vaults:3 | Bought a potion of mutation for 128 gold pieces
 72175 | Vaults:3 | Identified a scroll of acquirement
 72177 | Vaults:3 | Acquired the Volume of Unholy Rituals
 73112 | D:5      | Killed doomsgape's ghost
 73399 | Snake:3  | Killed Xoagupt's ghost
 73403 | Snake:3  | Identified the amulet of the Solemn Watermelon {Acrobat rF+
                  | Dex+2}
 73404 | Snake:3  | Identified the ring "Beotwo Kusal" {Wiz Fly}
 75917 | D:13     | Identified the ring "Daonloa" {rC+ Will+}
 76419 | Orc:1    | Entered Level 1 of the Orcish Mines
 76424 | Orc:1    | Reached XP level 21. HP: 144/144 MP: 32/38
 76832 | Orc:2    | Entered Level 2 of the Orcish Mines
 76832 | Orc:2    | Found a staircase to the Elven Halls.
 76871 | Orc:2    | Found a dark tunnel.
 76927 | Volcano  | Entered a volcano
 76943 | Volcano  | Received a gift from Sif Muna
 76946 | Volcano  | Got Esav's Collected Works on Enthralling Earth {god gift}
 77754 | Orc:2    | Noticed Azrael
 77759 | Orc:2    | Killed Azrael
 79048 | Orc:2    | Found Ritiom's Jewellery Shoppe.
 79049 | Orc:2    | Found Gat Oddo's Assorted Antiques.
 79049 | Orc:2    | Found Nineo's Book Emporium.
 79050 | Orc:2    | Found Amyrphoqo's Armour Shoppe.
 79057 | Orc:2    | Bought a potion of magic for 184 gold pieces
 79057 | Orc:2    | Bought a scroll of teleportation for 69 gold pieces
 79057 | Orc:2    | Bought a potion of might for 92 gold pieces
 79060 | Orc:2    | Bought the ring of Youthful Indiscretion {MP+9 Int+6} for
                  | 1266 gold pieces
 79514 | Elf:1    | Entered Level 1 of the Elven Halls
 79514 | Elf:1    | Found Edduynea's Antique Armour Shoppe.
 79538 | Elf:1    | Received a gift from Sif Muna
 79539 | Elf:1    | Got Sif Muna's Incunabulum of Vitriolic Ice {god gift}
 79675 | Elf:1    | Identified the +11 whip of the Curious Youths {vorpal,
                  | +Blink rF- rC+ rN+}
 79692 | Elf:1    | Found Cuufryaq's Distillery.
 79697 | Elf:1    | Noticed Nikola
 79780 | Elf:1    | Bought a potion of mutation for 104 gold pieces
 79780 | Elf:1    | Bought a potion of heal wounds for 65 gold pieces
 79780 | Elf:1    | Bought a potion of haste for 130 gold pieces
 79889 | Elf:1    | Killed Nikola
 80400 | Elf:1    | Found Yhyn Ebri's Armour Boutique.
 80405 | Elf:1    | Paralysed by an air elemental for 1 turns
 80884 | Elf:1    | Found Ythrokhlo's Magic Scroll Shop.
 80892 | Elf:1    | Bought a scroll of teleportation for 57 gold pieces
 80892 | Elf:1    | Bought a scroll of blinking for 142 gold pieces
 80892 | Elf:1    | Bought a scroll of magic mapping for 66 gold pieces
 81024 | Elf:1    | Found a stormy altar of Qazlal.
 81327 | Elf:2    | Acquired the ring of the Seven Emperors {rElec rF+ AC+4
                  | SInv}
 81342 | Elf:2    | Noticed Donald
 81376 | Elf:2    | Killed Donald
 81449 | Elf:2    | Found a runed translucent gate.
 81450 | Elf:2    | Found a runed translucent gate.
 81450 | Elf:2    | Found a runed translucent gate.
 81526 | Elf:2    | Found Adom's Magic Scroll Emporium.
 81535 | Elf:2    | Bought 2 scrolls of teleportation for 102 gold pieces
 81535 | Elf:2    | Bought a scroll of teleportation for 51 gold pieces
 81988 | Elf:2    | Learned a level 6 spell: Iron Shot
 82768 | Elf:3    | Entered Level 3 of the Elven Halls
 82768 | Elf:3    | Found Xorphi's Jewellery Emporium.
 83848 | Elf:3    | Reached XP level 22. HP: 155/155 MP: 23/39
 83953 | Elf:3    | Received a gift from Sif Muna
 83958 | Elf:3    | Identified the ring "Molurodill" {rF+ Will+ MP+9 Slay-4}
 84129 | Elf:3    | Got Sif Muna's Volume of Weightlessness and Beguiling {god
                  | gift}
 84435 | Elf:3    | Identified the amulet "Peggaegg" {Harm rPois Regen+}
 84629 | Elf:3    | Identified the +4 war axe of Jariof {freeze, Str+3}
 84637 | Elf:3    | Reached skill level 15 in Fighting
 84802 | Elf:3    | Found the +6 lightning scales {swift, rElec}
 84913 | Elf:3    | Identified the +0 ring mail of Summertime {*Corrode rF+ rN+
                  | Slay+3}
 84915 | Elf:3    | Identified the amulet of Upluf {Spirit SInv}
 84916 | Elf:3    | Identified the +4 whip "Widowermaker" {venom, rElec}
 84942 | Elf:3    | Identified the +1 chain mail of the Spheres {-Tele Rampage
                  | Int+6 Dex-5}
 86055 | Vaults:4 | Reached skill level 1 in Invocations
 86666 | Vaults:4 | Reached skill level 5 in Invocations
 87231 | Vaults:4 | Received a gift from Sif Muna
 87232 | Vaults:4 | Got Koiff's Volume of Displaced Moulding {god gift}
 87790 | Vaults:4 | Found a transporter.
 87798 | Vaults:4 | Noticed Bailed's ghost (veteran MiMo)
 87819 | Vaults:4 | Found a transporter.
 88973 | Depths:1 | Entered Level 1 of the Depths
 89069 | Depths:1 | Reached skill level 10 in Invocations
 89207 | Depths:1 | Reached skill level 15 in Fire Magic
 89454 | Depths:1 | Reached XP level 23. HP: 162/162 MP: 15/40
 89654 | Depths:1 | Found a shadowy altar of Dithmenos.
 89805 | Depths:1 | Received a gift from Sif Muna
 89963 | Depths:1 | Found Xoamaq's Book Boutique.
 90334 | Depths:1 | Found a hazy altar of Hepliaklqana.
 90422 | Depths:1 | Found a one-way gateway to a ziggurat.
 90484 | Depths:1 | Paralysed by a floating eye for 2 turns
 90647 | Depths:2 | Found a magical portal.
 90663 | WizLab   | Entered The Hall of the Hellbinder
 91960 | WizLab   | Found a burning altar of Makhleb.
 91973 | WizLab   | Got the Guide on Calling
 91990 | WizLab   | Found the +4 robe of Folly {Brilliance Will-∞ Int+8}
 91995 | WizLab   | Identified the ring of Attitude {rF+ Dex+2 SInv}
 91997 | WizLab   | Identified the ring "Obujuc" {Ice rN+}
 92122 | Depths:2 | Identified the +5 hand axe "X" {freeze, rPois SInv}
 92220 | Depths:2 | Found a one-way gate leading to the halls of Pandemonium.
 92578 | Depths:2 | Noticed a juggernaut
 92584 | Depths:2 | Killed a juggernaut
 92636 | Depths:2 | Received a gift from Sif Muna
 92637 | Depths:2 | Got Sif Muna's Collected Works on Igneous Earth {god gift}
 93493 | Depths:2 | Noticed a golden dragon
 93497 | Depths:2 | Killed a golden dragon
 93654 | Depths:2 | Found Itsotwiest's Book Shop.
 93655 | Depths:2 | Found Ytra's Jewellery Emporium.
 93655 | Depths:2 | Found Ryontegh's Jewellery Emporium.
 93665 | Depths:2 | Bought the ring "Xacraq" {Contam rF+ EV+4 Int+8} for 856
                  | gold pieces
 94199 | Depths:2 | Found a gateway to Hell.
 95454 | Depths:3 | Noticed a juggernaut
 95460 | Depths:3 | Killed a juggernaut
 96230 | Depths:3 | Found a broken altar of Ashenzari.
 96258 | Depths:3 | Received a gift from Sif Muna
 96259 | Depths:3 | Reached XP level 24. HP: 169/169 MP: 32/40
 96259 | Depths:3 | Got Sif Muna's Handbook of Bewitching Orientation {god
                  | gift}
 96336 | Depths:3 | Found a glowing silver altar of Zin.
 96336 | Depths:3 | Found a glowing golden altar of the Shining One.
 96337 | Depths:3 | Found a white marble altar of Elyvilon.
 96524 | Depths:3 | Learned a level 8 spell: Ignition
 96870 | Depths:4 | Entered Level 4 of the Depths
 98046 | Depths:4 | Found a gate to the Realm of Zot.
 99124 | Vaults:5 | Entered Level 5 of the Vaults
 99130 | Vaults:5 | Reached skill level 15 in Spellcasting
 99723 | Vaults:5 | Identified the ring "Suem" {rN+ rCorr Int-4 Slay+6}
 99723 | Vaults:5 | Noticed an ancient lich
 99786 | Vaults:5 | Killed an ancient lich
100117 | Vaults:5 | Identified the +9 scimitar of Hofraos {freeze, Contam rF++
                  | Will+ Str+2}
100396 | Vaults:5 | Received a gift from Sif Muna
100397 | Vaults:5 | Got Sif Muna's Incunabulum of Bewitching Ice {god gift}
100428 | Vaults:5 | Identified the +8 rapier of Amortisation {drain, rN++ Int-3
                  | Dex+6}
100428 | Vaults:5 | Noticed Mara
100758 | Vaults:5 | Noticed Mennas
100991 | Vaults:5 | Got a silver rune of Zot
101359 | Vaults:5 | Reached XP level 25. HP: 174/174 MP: 31/44
101629 | Vaults:5 | Noticed maxonian's illusion
101631 | Vaults:5 | Killed Mara
102095 | Vaults:5 | Identified the +2 scimitar of Rocs {holy, rF++ Will+}
102182 | Vaults:5 | Identified the ring "Syary" {Fly rF+ Str+6 Int-2}
102326 | Vaults:5 | Got the Volume of Dislocation
102330 | Vaults:5 | Identified the +6 hunting sling "Ciocs" {venom, Contam
                  | rElec rPois rF+}
103240 | Vaults:5 | Identified the +10 spear of Wyrd {spect, rC+}
103787 | Vaults:5 | Killed Mennas
104294 | Vaults:1 | Identified the ring "Umotsunob" {rN+ Int+8 Slay-3}
104298 | Vaults:1 | Identified the ring "Xirgh" {Int+4 SInv}
104316 | Vaults:1 | Identified the +0 hat of Liberalism {rCorr Slay+3}
104775 | Depths:3 | Fell from the grace of Sif Muna
104775 | Depths:3 | Became a worshipper of the Shining One
105101 | Crypt:1  | Entered Level 1 of the Crypt
105122 | Crypt:1  | Reached * piety under the Shining One
105599 | Crypt:1  | Reached ** piety under the Shining One
105934 | Crypt:1  | Reached *** piety under the Shining One
106165 | Crypt:1  | Reached **** piety under the Shining One
106779 | Crypt:2  | Reached skill level 15 in Unarmed Combat
106933 | Crypt:2  | Reached ***** piety under the Shining One
107403 | Crypt:2  | Reached ****** piety under the Shining One
108464 | Crypt:3  | Entered Level 3 of the Crypt
108934 | Crypt:3  | Identified the +3 rapier of Diuscha Qouga {vorpal, Will+}
109157 | Crypt:3  | Reached XP level 26. HP: 180/180 MP: 20/45
109268 | Crypt:3  | Identified the +7 arbalest "Ushyitemn" {vorpal, rPois rF+}
110545 | Crypt:3  | Found an ancient bone altar of Kikubaaqudgha.
110600 | Crypt:3  | Found the +9 heavy crossbow "Sniper" {vorpal, Acc+∞ SInv}
110883 | Crypt:3  | Noticed a dread lich
110886 | Crypt:3  | Killed a dread lich
111020 | Crypt:3  | Found a staircase to the Tomb.
111400 | Tomb:1   | Entered Level 1 of the Tomb of the Ancients
112199 | Tomb:1   | Noticed Boris
112203 | Tomb:1   | Killed Boris
113388 | Tomb:1   | Identified the +2 robe of Bad Feelings {Contam Harm Fly
                  | Dex+10}
113394 | Tomb:1   | Noticed a royal mummy
113400 | Tomb:1   | Killed a royal mummy
113506 | Tomb:1   | Noticed a royal mummy
113516 | Tomb:1   | Killed a royal mummy
114423 | Zot:1    | Entered Level 1 of the Realm of Zot
116710 | Zot:1    | You fall into a shaft and drop 1 floor!
116926 | Zot:2    | Reached XP level 27. HP: 186/186 MP: 31/45
117421 | Zot:2    | Was forgiven by Sif Muna
119253 | Zot:3    | Noticed a dread lich
119256 | Zot:3    | Killed a dread lich
120091 | Zot:3    | Identified the +1 leather armour of Veostopn {rElec Dex+2}
120397 | Zot:3    | Learned a level 9 spell: Fire Storm
120420 | Zot:4    | Reached skill level 10 in Shields
121109 | Zot:4    | Learned a level 8 spell: Lehudib's Crystal Spear
122739 | Hell     | Entered the Vestibule of Hell
122741 | Hell     | Noticed Geryon
123145 | Hell     | Killed Geryon
123761 | Hell     | Found a gateway to the freezing wastes of Cocytus.
123905 | Hell     | Found a gateway to the decaying netherworld of Tartarus.
124046 | Hell     | Learned a level 7 spell: Ozocubu's Refrigeration
124424 | Hell     | Found a gateway to the ashen valley of Gehenna.
124574 | Hell     | Found a gateway to the Iron City of Dis.
124717 | Depths:2 | Reached skill level 10 in Ice Magic
125109 | Pan      | Entered Pandemonium
125308 | Pan      | Found an exit through the horrors of the Abyss.
125851 | Pan      | Identified the +9 hand crossbow of Magnificence {venom,
                  | rPois Str+4 Dex-5}
127054 | Pan      | Noticed Qanea the pandemonium lord
127058 | Pan      | Killed Qanea the pandemonium lord
127186 | Pan      | Found an exit through the horrors of the Abyss.
127820 | Pan      | Gained mutation: Potions are less effective at restoring
                  | your health. [a neqoxec]
129200 | Pan      | Noticed Feiresma the pandemonium lord
130331 | Pan      | Gained mutation: You are dopey. (Int -2) [a neqoxec]
130332 | Pan      | Lost mutation: Potions are less effective at restoring your
                  | health. [a neqoxec]
130339 | Pan      | Noticed Emicomp the pandemonium lord
130345 | Pan      | Killed Emicomp the pandemonium lord
132513 | Pan      | Reached skill level 10 in Dodging
132684 | Pan      | Found a runed translucent door.
133324 | Pan      | Entered the realm of Mnoleg.
133360 | Pan      | Gained mutation: Your body sometimes deteriorates upon
                  | taking damage. [a shining eye]
133403 | Pan      | Noticed Mnoleg
133410 | Pan      | Killed Mnoleg
133419 | Pan      | Gained mutation: Your magical capacity is low. (-10% MP) [a
                  | cacodemon]
133443 | Pan      | Gained mutation: Your magical capacity is very low. (-20%
                  | MP) [a neqoxec]
133571 | Pan      | Gained mutation: You are weak. (Str -2) [a neqoxec]
133746 | Pan      | Got a glowing rune of Zot
133971 | Pan      | Reached skill level 15 in Ice Magic
134044 | Pan      | Gained mutation: You are very dopey. (Int -4) [a cacodemon]
134663 | Pan      | Gained mutation: You tend to lose your temper in combat. [a
                  | cacodemon]
134833 | Pan      | Lost mutation: You do not regenerate when monsters are
                  | visible. [potion of mutation]
134833 | Pan      | Lost mutation: You tend to lose your temper in combat.
                  | [potion of mutation]
134833 | Pan      | Lost mutation: Your magical capacity is very low. (-20% MP)
                  | [potion of mutation]
134833 | Pan      | Lost mutation: You are weak. (Str -2) [potion of mutation]
134833 | Pan      | Lost mutation: Your magical capacity is low. (-10% MP)
                  | [potion of mutation]
134833 | Pan      | Gained mutation: Your natural rate of healing is unusually
                  | fast. [potion of mutation]
135156 | Pan      | Lost mutation: You are very dopey. (Int -4) [potion of
                  | mutation]
135156 | Pan      | Lost mutation: Your natural rate of healing is unusually
                  | fast. [potion of mutation]
135156 | Pan      | Gained mutation: You are weak. (Str -2) [potion of
                  | mutation]
135156 | Pan      | Gained mutation: A frigid envelope surrounds you and
                  | freezes all who hurt you. [potion of mutation]
135605 | Pan      | Lost mutation: You are weak. (Str -2) [a cacodemon]
135606 | Pan      | Entered the realm of Lom Lobon.
137781 | Pan      | Noticed Lom Lobon
139928 | Pan      | Killed Lom Lobon
139938 | Pan      | Got a magical rune of Zot
140475 | Pan      | Gained mutation: Your body often deteriorates upon taking
                  | damage. [a neqoxec]
140484 | Pan      | Lost mutation: You are dopey. (Int -2) [potion of mutation]
140484 | Pan      | Lost mutation: Your body often deteriorates upon taking
                  | damage. [potion of mutation]
140484 | Pan      | Gained mutation: You expend magic power (3 MP) to
                  | strengthen your wands. [potion of mutation]
140484 | Pan      | Gained mutation: You are partially covered in iridescent
                  | scales. (AC +2) [potion of mutation]
140493 | Pan      | Noticed Koyqub the pandemonium lord
140495 | Pan      | Killed Koyqub the pandemonium lord
143149 | Pan      | Learned a level 9 spell: Polar Vortex
143445 | Pan      | Found a huge runed translucent gate.
143446 | Pan      | Found a huge runed translucent gate.
143447 | Pan      | Found a huge runed translucent gate.
143448 | Pan      | Found a huge runed translucent gate.
143450 | Pan      | Found a huge runed translucent gate.
144201 | Pan      | Identified the +7 scimitar "Molem" {venom, Will+}
145209 | Pan      | Found a huge runed translucent gate.
145209 | Pan      | Found a huge runed translucent gate.
145214 | Pan      | Noticed Sialioge the pandemonium lord
145217 | Pan      | Killed Sialioge the pandemonium lord
145587 | Pan      | Noticed Mekuijaf the pandemonium lord
146007 | Pan      | Killed Mekuijaf the pandemonium lord
146105 | Pan      | Entered the realm of Cerebov.
146366 | Pan      | Identified the +3 halberd "Meucykluyga" {freeze, rN+ MP+9
                  | Str+2 Int+3}
146618 | Pan      | Identified the +6 scimitar "Vudutooc" {freeze, rElec rPois
                  | rN++ Dex-4}
146754 | Pan      | Identified the +4 flail of Amufolo {vorpal, rPois rC+
                  | Dex+5}
146798 | Pan      | Identified the +1 hand crossbow of the Brain {elec, *Slow
                  | rF+ Str+8 Int-4}
147460 | Pan      | Found the +6 sword of Cerebov {flame}
147460 | Pan      | Noticed Cerebov
147483 | Pan      | Killed Cerebov
147718 | Pan      | Identified the amulet "Pozae" {Reflect Fragile Int+10 Dex+3
                  | SH+5}
147722 | Pan      | Identified the ring of Coronation {*Slow rPois rF+ Str+8
                  | Int+2}
147724 | Pan      | Identified the amulet "Raannaxo" {Reflect Str+4 SH+5}
147725 | Pan      | Identified the ring "Ipefog" {rElec rF+ rCorr Str+4 Int-5
                  | Stlth+}
147795 | Pan      | Got a fiery rune of Zot
147981 | Pan      | Entered the realm of Gloorx Vloq.
149115 | Pan      | Found an exit through the horrors of the Abyss.
150361 | Pan      | Noticed Gloorx Vloq
150371 | Pan      | Killed Gloorx Vloq
150482 | Pan      | Got a dark rune of Zot
151105 | Pan      | Noticed Ugas the pandemonium lord
151112 | Pan      | Noticed a seraph
151581 | Pan      | Found a white marble altar of Elyvilon.
154048 | Pan      | Found a glowing silver altar of Zin.
154799 | Pan      | Identified the +9 war axe of Fagahy {vorpal, rElec rF+
                  | Int-2 SInv}
156372 | Pan      | Reached skill level 15 in Dodging
156624 | Pan      | Identified the ring "Betouxti" {rF+ Dex+6}
156629 | Pan      | Identified the ring "Deazeanisk" {MP+9 Int+3 Dex+4}
156631 | Pan      | Killed a seraph
156775 | Pan      | Identified the +10 falchion "Igynniuc" {venom, rElec rPois}
156888 | Pan      | Found a glowing golden altar of the Shining One.
156908 | Pan      | Got a demonic rune of Zot
156918 | Pan      | Identified the +2 pair of gloves "Sues" {Dex+2}
156919 | Pan      | Identified the +1 pair of gloves of Cloud Cover {rF+}
157132 | Depths:2 | Escaped Pandemonium
157215 | Geh:1    | Entered Level 1 of Gehenna
157970 | Geh:7    | Entered Level 7 of Gehenna
158631 | Geh:7    | Identified the ring of Law {+Blink rC+ Str+4}
158732 | Geh:7    | Found the +7 sceptre of Asmodeus
158732 | Geh:7    | Noticed Asmodeus
158739 | Geh:7    | Killed Asmodeus
158817 | Geh:7    | Identified the amulet of Nufug {rN+ Regen+}
158820 | Geh:7    | Identified the ring of the Twenty Youths {Fire Contam rCorr
                  | Str+3 SInv}
158830 | Geh:7    | Got an obsidian rune of Zot
158836 | Geh:7    | Identified the amulet "Harout" {Acrobat *Corrode Str+5
                  | Dex+5}
159187 | Tar:1    | Entered Level 1 of Tartarus
159461 | Tar:3    | You fall into a shaft and drop 1 floor!
159476 | Tar:4    | Noticed a dread lich
159480 | Tar:4    | Noticed an ancient lich
159482 | Tar:4    | Noticed an ancient lich
159486 | Tar:4    | Killed a dread lich
159489 | Tar:4    | Noticed an ancient lich
159490 | Tar:4    | Noticed an ancient lich
159491 | Tar:4    | Killed an ancient lich
159493 | Tar:4    | Noticed an ancient lich
159494 | Tar:4    | Killed an ancient lich
159497 | Tar:4    | Killed an ancient lich
159498 | Tar:4    | Noticed an ancient lich
159501 | Tar:4    | Killed an ancient lich
159502 | Tar:4    | Killed an ancient lich
159502 | Tar:4    | Noticed a dread lich
159515 | Tar:4    | Killed an ancient lich
159518 | Tar:4    | Killed a dread lich
160416 | Tar:7    | Entered Level 7 of Tartarus
161541 | Tar:7    | Reached skill level 15 in Shields
161832 | Tar:7    | Got the Collected Works on the Flying Oath
162166 | Tar:7    | Noticed Ereshkigal
162192 | Tar:7    | Killed Ereshkigal
162316 | Tar:7    | Got a bone rune of Zot
162680 | Elf:1    | Bought a scroll of amnesia for 66 gold pieces
162680 | Elf:1    | Bought a scroll of enchant armour for 142 gold pieces
162687 | Elf:1    | Learned a level 5 spell: Summon Mana Viper
162905 | Dis:1    | Entered Level 1 of the Iron City of Dis
162939 | Hell     | Reached skill level 1 in Summonings
163301 | Dis:2    | Reached skill level 5 in Hexes
163305 | Dis:2    | Reached skill level 5 in Summonings
164833 | Dis:6    | Noticed an ancient lich
164833 | Dis:6    | Noticed a dread lich
164836 | Dis:6    | Noticed a royal mummy
164836 | Dis:6    | Noticed a royal mummy
164837 | Dis:6    | Noticed a royal mummy
164837 | Dis:6    | Noticed a royal mummy
164837 | Dis:6    | Noticed a royal mummy
164838 | Dis:6    | Noticed a royal mummy
164840 | Dis:6    | Killed an ancient lich
164840 | Dis:6    | Killed a dread lich
164840 | Dis:6    | Killed a royal mummy
164841 | Dis:6    | Killed a royal mummy
164841 | Dis:6    | Killed a royal mummy
164841 | Dis:6    | Killed a royal mummy
164841 | Dis:6    | Killed a royal mummy
164843 | Dis:6    | Killed a royal mummy
165016 | Dis:7    | Entered Level 7 of the Iron City of Dis
165723 | Dis:7    | Noticed a dread lich
165732 | Dis:7    | Killed a dread lich
165784 | Dis:7    | Noticed a juggernaut
165790 | Dis:7    | Killed a juggernaut
166149 | Dis:7    | Noticed the Serpent of Hell
166156 | Dis:7    | Killed the Serpent of Hell
167138 | Dis:7    | Identified the +0 scimitar "Transmigrator" {drain, Str+4}
167578 | Dis:7    | Lost dexterity.
167765 | Pan      | Entered Pandemonium
168227 | Pan      | Noticed Qaumpag the pandemonium lord
168231 | Pan      | Killed Qaumpag the pandemonium lord
169971 | Pan      | Found an exit through the horrors of the Abyss.
171393 | Pan      | Noticed Gazy the pandemonium lord
171414 | Pan      | Killed Gazy the pandemonium lord
171734 | Pan      | Identified the +4 quarterstaff "Zaonyc Wemod" {antimagic,
                  | Int+5 Stlth+}
172923 | Pan      | Noticed Oroargh the pandemonium lord
172938 | Pan      | Killed Oroargh the pandemonium lord
174259 | Pan      | Gained mutation: Potions are less effective at restoring
                  | your health. [a neqoxec]
174471 | Pan      | Found an exit through the horrors of the Abyss.
174638 | Pan      | Reached skill level 27 in Unarmed Combat
175377 | Pan      | Noticed Plog the pandemonium lord
175378 | Pan      | Killed Plog the pandemonium lord
175505 | Pan      | Gained mutation: You do not regenerate when monsters are
                  | visible. [a cacodemon]
175570 | Pan      | Noticed Equd the pandemonium lord
175581 | Pan      | Killed Equd the pandemonium lord
177096 | Pan      | Found an exit through the horrors of the Abyss.
177852 | Pan      | Noticed Xenin the pandemonium lord
177855 | Pan      | Killed Xenin the pandemonium lord
180180 | Pan      | Found a transporter.
180237 | Pan      | Found a transporter.
180394 | Pan      | Identified the ring "Sanogg" {Wiz Dex+4 SInv}
180403 | Pan      | Identified the amulet "Pacim" {RegenMP rCorr Dex+4 Slay-5}
180414 | Pan      | Identified the ring of Sonit {+Blink rC+ Will+ Int+4}
180603 | Pan      | Identified the +3 great mace "Newtbane" {flame, rF+ SInv}
181699 | Pan      | Found an exit through the horrors of the Abyss.
181783 | Pan      | Noticed Nontej the pandemonium lord
181794 | Pan      | Killed Nontej the pandemonium lord
182585 | Pan      | Noticed Yrocy the pandemonium lord
182591 | Pan      | Killed Yrocy the pandemonium lord
183186 | Depths:2 | Escaped Pandemonium
183495 | Dis:7    | Noticed a juggernaut
183505 | Dis:7    | Killed a juggernaut
184022 | Dis:7    | Noticed a juggernaut
184026 | Dis:7    | Killed a juggernaut
184325 | Dis:7    | Found the +4 staff of Dispater
184325 | Dis:7    | Noticed Dispater
184375 | Dis:7    | Killed Dispater
184541 | Dis:7    | Got an iron rune of Zot
184694 | Coc:1    | Entered Level 1 of Cocytus
184971 | Coc:2    | Lost strength.
185148 | Pan      | Entered Pandemonium
185841 | Pan      | Found an exit through the horrors of the Abyss.
186525 | Pan      | Noticed Gaudd the pandemonium lord
186532 | Pan      | Killed Gaudd the pandemonium lord
188327 | Pan      | Noticed Neerog the pandemonium lord
188338 | Pan      | Killed Neerog the pandemonium lord
188918 | Pan      | Found an exit through the horrors of the Abyss.
189209 | Pan      | Lost mutation: You expend magic power (3 MP) to strengthen
                  | your wands. [potion of mutation]
189209 | Pan      | Lost mutation: You are partially covered in iridescent
                  | scales. (AC +2) [potion of mutation]
189209 | Pan      | Gained mutation: Your flesh is cold resistant. (rC+)
                  | [potion of mutation]
189209 | Pan      | Gained mutation: Your mind is acute. (Int +2) [potion of
                  | mutation]
189210 | Pan      | Lost mutation: Your mind is acute. (Int +2) [potion of
                  | mutation]
189210 | Pan      | Lost mutation: You do not regenerate when monsters are
                  | visible. [potion of mutation]
189210 | Pan      | Lost mutation: Potions are less effective at restoring your
                  | health. [potion of mutation]
189210 | Pan      | Gained mutation: Your mind is acute. (Int +2) [potion of
                  | mutation]
189210 | Pan      | Gained mutation: You expend magic power (3 MP) to
                  | strengthen your wands. [potion of mutation]
189990 | Pan      | Found an exit through the horrors of the Abyss.
190639 | Pan      | Gained mutation: Your body often deteriorates upon taking
                  | damage. [a cacodemon]
191268 | Pan      | Noticed Soca the pandemonium lord
191272 | Pan      | Killed Soca the pandemonium lord
192162 | Pan      | Noticed Teirir the pandemonium lord
192171 | Pan      | Killed Teirir the pandemonium lord
193754 | Pan      | Lost mutation: You expend magic power (3 MP) to strengthen
                  | your wands. [potion of mutation]
193754 | Pan      | Lost mutation: Your flesh is cold resistant. (rC+) [potion
                  | of mutation]
193754 | Pan      | Gained mutation: You have supernaturally acute eyesight.
                  | (SInv) [potion of mutation]
193754 | Pan      | Gained mutation: You are clumsy. (Dex -2) [potion of
                  | mutation]
193754 | Pan      | Gained mutation: You are partially covered in large bone
                  | plates. (SH +4) [potion of mutation]
193755 | Pan      | Lost mutation: You are clumsy. (Dex -2) [potion of
                  | mutation]
193755 | Pan      | Lost mutation: You have supernaturally acute eyesight.
                  | (SInv) [potion of mutation]
193755 | Pan      | Gained mutation: You expend magic power (3 MP) to
                  | strengthen your wands. [potion of mutation]
194123 | Pan      | Found a huge runed translucent gate.
194128 | Pan      | Found a huge runed translucent gate.
194251 | Pan      | Found a huge runed translucent gate.
194252 | Pan      | Found a huge runed translucent gate.
194253 | Pan      | Found a huge runed translucent gate.
194254 | Pan      | Found a huge runed translucent gate.
194255 | Pan      | Found a huge runed translucent gate.
194652 | Pan      | Noticed Aruuhel the pandemonium lord
194851 | Pan      | Killed Aruuhel the pandemonium lord
195465 | Pan      | Found an exit through the horrors of the Abyss.
195970 | Pan      | Noticed Nivax the pandemonium lord
195977 | Pan      | Killed Nivax the pandemonium lord
196507 | Pan      | Found an exit through the horrors of the Abyss.
196587 | Pan      | Lost mutation: You expend magic power (3 MP) to strengthen
                  | your wands. [potion of mutation]
196587 | Pan      | Lost mutation: A frigid envelope surrounds you and freezes
                  | all who hurt you. [potion of mutation]
196587 | Pan      | Gained mutation: Your spells are a little easier to cast,
                  | but a little less powerful. [potion of mutation]
196587 | Pan      | Gained mutation: Potions are less effective at restoring
                  | your health. [potion of mutation]
196587 | Pan      | Gained mutation: You have a beak for a mouth. [potion of
                  | mutation]
196588 | Pan      | Lost mutation: You are partially covered in large bone
                  | plates. (SH +4) [potion of mutation]
196588 | Pan      | Lost mutation: You have a beak for a mouth. [potion of
                  | mutation]
196588 | Pan      | Gained mutation: You have a pair of small antennae on your
                  | head. [potion of mutation]
196597 | Pan      | Lost mutation: Potions are less effective at restoring your
                  | health. [potion of mutation]
196597 | Pan      | Lost mutation: Your mind is acute. (Int +2) [potion of
                  | mutation]
196653 | Pan      | Found an exit through the horrors of the Abyss.
196659 | Depths:2 | Escaped Pandemonium
198189 | Coc:7    | Entered Level 7 of Cocytus
198405 | Coc:7    | Noticed Antaeus
198428 | Coc:7    | HP: 12/278 [shard shrike/shard of ice (40)]
198975 | Coc:7    | Killed Antaeus
199098 | Coc:7    | Got an icy rune of Zot
199100 | Coc:7    | Identified the +9 war axe "Huge" {protect, rN++}
199520 | Slime:1  | Entered Level 1 of the Pits of Slime
200493 | Slime:5  | Entered Level 5 of the Pits of Slime
200669 | Slime:5  | Reached skill level 27 in Shields
200694 | Slime:5  | Noticed the Royal Jelly
200697 | Slime:5  | Killed the Royal Jelly
200897 | Slime:5  | Found the +5 robe of Misfortune {Harm *Corrode *Slow EV+5}
200897 | Slime:5  | Found the amulet of the Four Winds {rN+ Will+++ Clar}
200910 | Slime:5  | Identified the +8 longbow "Undertaker" {vorpal, rF- Dex+5}
200965 | Slime:5  | Identified the amulet "Afuaz" {Faith rN+}
200979 | Slime:5  | Identified the +10 spear "Cimalid" {distort, rN+}
200985 | Slime:5  | Identified the +0 troll leather armour "Sehiad" {Will+
                  | Regen+}
200998 | Slime:5  | Got a slimy rune of Zot
201236 | Snake:3  | Voluntarily entered the Abyss.
201630 | Abyss:4  | Gained mutation: You are dopey. (Int -2) [a neqoxec]
201633 | Abyss:4  | Gained mutation: Your magical capacity is low. (-10% MP) [a
                  | neqoxec]
201671 | Abyss:4  | Lost mutation: You are dopey. (Int -2) [a neqoxec]
202032 | Abyss:4  | Found a basalt altar of Yredelemnul.
202068 | Abyss:4  | Found a corrupted altar of Lugonu.
202352 | Abyss:4  | Found a corrupted altar of Lugonu.
202382 | Abyss:4  | Found a corrupted altar of Lugonu.
202403 | Abyss:4  | Found a corrupted altar of Lugonu.
202787 | Abyss:4  | Got an abyssal rune of Zot
202814 | Snake:3  | Escaped the Abyss
203705 | Tomb:2   | Noticed a royal mummy
203707 | Tomb:2   | Noticed a royal mummy
203707 | Tomb:2   | Noticed a royal mummy
203708 | Tomb:2   | Noticed a royal mummy
203713 | Tomb:2   | Killed a royal mummy
203714 | Tomb:2   | Killed a royal mummy
203714 | Tomb:2   | Killed a royal mummy
203714 | Tomb:2   | Noticed Boris
203715 | Tomb:2   | Killed a royal mummy
203716 | Tomb:2   | Killed Boris
204264 | Tomb:1   | Noticed a royal mummy
204267 | Tomb:1   | Killed a royal mummy
204267 | Tomb:1   | Noticed a royal mummy
204268 | Tomb:1   | Noticed a royal mummy
204273 | Tomb:1   | Killed a royal mummy
204273 | Tomb:1   | Noticed a royal mummy
204276 | Tomb:1   | Killed a royal mummy
204279 | Tomb:1   | Killed a royal mummy
204434 | Tomb:1   | Noticed a royal mummy
204438 | Tomb:1   | Killed a royal mummy
204622 | Tomb:1   | Noticed a royal mummy
204626 | Tomb:1   | Killed a royal mummy
204642 | Tomb:1   | Noticed a royal mummy
204643 | Tomb:1   | Noticed a royal mummy
204647 | Tomb:1   | Killed a royal mummy
204649 | Tomb:1   | Killed a royal mummy
204650 | Tomb:1   | Noticed a royal mummy
204654 | Tomb:1   | Killed a royal mummy
204844 | Tomb:1   | Noticed a royal mummy
204846 | Tomb:1   | Noticed a royal mummy
204848 | Tomb:1   | Killed a royal mummy
204849 | Tomb:1   | Killed a royal mummy
205086 | Tomb:1   | Noticed a royal mummy
205086 | Tomb:1   | Noticed a royal mummy
205090 | Tomb:1   | Killed a royal mummy
205090 | Tomb:1   | Killed a royal mummy
205179 | Tomb:1   | Noticed a royal mummy
205180 | Tomb:1   | Noticed a royal mummy
205181 | Tomb:1   | Killed a royal mummy
205182 | Tomb:1   | Killed a royal mummy
205192 | Tomb:1   | Noticed a royal mummy
205194 | Tomb:1   | Killed a royal mummy
205214 | Tomb:1   | Noticed a royal mummy
205217 | Tomb:1   | Killed a royal mummy
205218 | Tomb:1   | Noticed a royal mummy
205219 | Tomb:1   | Killed a royal mummy
205224 | Tomb:1   | Noticed a royal mummy
205226 | Tomb:1   | Killed a royal mummy
205580 | Tomb:1   | Noticed a royal mummy
205583 | Tomb:1   | Killed a royal mummy
205698 | Tomb:2   | Reached skill level 27 in Spellcasting
205807 | Tomb:3   | Entered Level 3 of the Tomb of the Ancients
205815 | Tomb:3   | Found the ring of the Tortoise {AC+8}
205815 | Tomb:3   | Noticed a royal mummy
205823 | Tomb:3   | Found the +10 dark maul {vorpal}
205823 | Tomb:3   | Noticed a royal mummy
205823 | Tomb:3   | Noticed a royal mummy
206155 | Tomb:3   | Noticed a royal mummy
206156 | Tomb:3   | Reached skill level 27 in Fighting
206156 | Tomb:3   | Noticed a royal mummy
206156 | Tomb:3   | Noticed a royal mummy
206157 | Tomb:3   | Killed a royal mummy
206158 | Tomb:3   | Killed a royal mummy
206159 | Tomb:3   | Killed a royal mummy
206159 | Tomb:3   | Killed a royal mummy
206163 | Tomb:3   | Reached skill level 15 in Earth Magic
206163 | Tomb:3   | Killed a royal mummy
206164 | Tomb:3   | Killed a royal mummy
206187 | Tomb:3   | Noticed a royal mummy
206191 | Tomb:3   | Killed a royal mummy
206352 | Tomb:3   | Noticed Khufu
206356 | Tomb:3   | Killed Khufu
206436 | Tomb:3   | Noticed a royal mummy
206439 | Tomb:3   | Killed a royal mummy
206506 | Tomb:3   | Got a golden rune of Zot
206581 | Tomb:3   | Identified the +7 flail "Wukob" {vorpal, rF+}
206588 | Tomb:3   | Identified the +9 short sword of Balance {spect, rF+ Str+3
                  | Int-3}
206593 | Tomb:3   | Identified the ring of Orofeenk {Str+6 Int+4}
207296 | Zot:5    | Entered Level 5 of the Realm of Zot
208359 | Zot:5    | Noticed an ancient lich
208361 | Zot:5    | Killed an ancient lich
208521 | Zot:5    | Noticed a juggernaut
208521 | Zot:5    | a Killer Klown changed into a juggernaut
208524 | Zot:5    | Noticed an orb of fire
208529 | Zot:5    | Killed a juggernaut
208535 | Zot:5    | Gained mutation: You occasionally shout uncontrollably at
                  | your foes. [an orb of fire]
208537 | Zot:5    | Killed an orb of fire
208568 | Zot:5    | Noticed an ancient lich
208570 | Zot:5    | Killed an ancient lich
208879 | Zot:5    | Noticed an orb of fire
208879 | Zot:5    | Gained mutation: You tend to lose your temper in combat.
                  | [an orb of fire]
208883 | Zot:5    | Killed an orb of fire
208888 | Zot:5    | Noticed an ancient lich
208892 | Zot:5    | Killed an ancient lich
209232 | Zot:5    | Noticed an ancient lich
209234 | Zot:5    | Killed an ancient lich
209422 | Zot:5    | Lost mutation: Your body often deteriorates upon taking
                  | damage. [potion of mutation]
209422 | Zot:5    | Lost mutation: You tend to lose your temper in combat.
                  | [potion of mutation]
209422 | Zot:5    | Lost mutation: You occasionally shout uncontrollably at
                  | your foes. [potion of mutation]
209422 | Zot:5    | Gained mutation: You are dopey. (Int -2) [potion of
                  | mutation]
209422 | Zot:5    | Gained mutation: You are strong-willed. (Will+) [potion of
                  | mutation]
209561 | Zot:5    | Got the Orb of Zot
209902 | D:15     | Noticed Tusydout the pandemonium lord
209906 | D:15     | Killed Tusydout the pandemonium lord
210245 | D:$      | Escaped with the Orb!

Illustrated notes

Levels and vault maps discovered:
D:1:      shiori_shiawase, layout_loops_cross
D:2:      layout_rooms, basic_ecumenical_altar, basic_altar, minmay_puff
D:3:      layout_basic, mainiacjoe_overflow_catwalk, dk_yredelemnul_ordeal,
          lightli_temple_of_fire, serial_curves, eino_curves_01, eino_curves_03,
          eino_curves_02, gup_sewer_entry_pipe, minmay_crystal_room
D:4:      layout_basic, minmay_temple_entry_nine_rooms,
          kennysheep_generic_room_9, uniq_eustachio, uniq_grinder,
          uniq_blork_the_orc
D:5:      layout_basic, gammafunk_ghost_abyssal_escape, grunt_decor_resistance,
          minmay_fractal_squares_5
D:6:      layout_loops_ring, kennysheep_mini_moat, serial_shops, shop, shop,
          nicolae_fountain_basement, uniq_maggie
D:7:      layout_loops_ring, nemelex_xobeh_ov_fountains_minmay,
          kennysheep_cross_bottleneck, hangedman_decor_growths
D:8:      layout_basic, tso_altar, dpeg_lair_monsters
D:9:      minmay_chambers_of_sevens, layout_long_grid
D:10:     layout_rooms, cheibriados_altar_1, hiddenorc1_lemuel, serial_shops,
          shop, uniq_josephine
D:11:     layout_rooms, serial_bayou, serial_bayou_pond_d, serial_bayou_pond_c,
          serial_bayou_crossing, serial_bayou_pond_b, hangedman_decor_slide_cut,
          uniq_grum
D:12:     layout_gridville
D:13:     layout_irregular_city, door_vault
D:14:     layout_rooms, david_vaults_1, serial_shops, shop, grunt_ministairs_14,
          wad_floor_pattern_untrapped
D:15:     gammafunk_enter_depths_forms, layout_long_grid, minivault_19,
          gauntlet_entry_generic, hive_lemuel, uniq_roxanne
Temple:   regret_index_temple_waves
Lair:1:   layout_hall_layers, st_stairs_3, serial_bayou_pond_a,
          grunt_megastairs_2
Lair:2:   layout_cave_pods, dummy_snake_entry, beast_lair_carwin_11
Lair:3:   layout_hall_layers, elwin_shoals_entry_rooms,
          portal_ice_cave_entry_pillars_1, disabler_island,
          infiniplex_staircase_pool, uniq_gastronok
Lair:4:   layout_loops_ring, nicolae_lair_yak_garden
Lair:5:   layout_cellular_growth
Lair:6:   due_jungle_book, layout_loops_ring, minmay_slime_entry_oklob_open,
          chequers_serial_rivers_large_a
Shoals:1: layout_shoals, nicolae_shoals_secluded_bog
Shoals:2: layout_shoals
Shoals:3: layout_shoals, nzn_prometheus_bound
Shoals:4: shoals_end_hellmonk_storm_palace [storm_palace_center_ruins,
          storm_palace_corner_pillars, storm_palace_corner_blocked,
          storm_palace_corner_altar, storm_palace_corner_altar]
Snake:1:  layout_concentric_octagons, serial_shops, shop, serial_bayou_shore_b
Snake:2:  layout_chambers
Snake:3:  layout_cave_town, gammafunk_ghost_berserking_beasts,
          amcnicky_altar_lugonu_corruption, grunt_megastairs_5
Snake:4:  snake_pit_salamanders_mu, layout_cave_town, serial_shops,
          nicolae_shop_hallway_stairs, nicolae_shop_competitors_out_of_business,
          nicolae_shop_advertising_works [nicolae_subvault_shop_adworks], shop,
          shop, grunt_ministairs_13
Slime:1:  layout_caves
Slime:2:  layout_caves
Slime:3:  layout_caves
Slime:4:  layout_caves
Slime:5
Orc:1:    layout_caves
Orc:2:    st_orc_pillars, layout_diamond_mine, nicolae_volcano_entry_s_turn,
          uniq_azrael
Elf:1:    layout_loops_ring, serial_glass, glass_columns_c, glass_columns_b,
          glass_columns_c, glass_columns_c, glass_columns_a, glass_columns_a,
          serial_shops, shop, nicolae_shop_stone, nicolae_shop_crystal, shop,
          kennysheep_underground_church, nicolae_elf_altarnating, uniq_nikola
Elf:2:    nicolae_elf_blades_crystal_corner, layout_geoelf_grid, serial_shops,
          nicolae_shop_hallway_plus, uniq_donald
Elf:3:    minmay_elf_hall_four_x, layout_geoelf_octagon, serial_shops,
          nicolae_shop_hallway_stairs
Vaults:1: v_misc_28, v_misc_33, hangedman_vaults_variations,
          nicolae_vaults_alarming, nicolae_vaults_little_squares_3,
          vaults_room_stairs_pillars, v_alt_pattern_4, hangedman_vaults_slice,
          gammafunk_the_bubble [the_bubble_gammafunk_plus_minus],
          vaults_room_pools, vaults_room_hallway, vaults_room_door_hall,
          layout_vaults_omnibox, serial_shops, shop
Vaults:2: v_misc_14, v_misc_9, v_misc_31, ontoclasm_vaults_chip,
          vaults_room_octagon, vaults_mumra_lcd, v_misc_9,
          layout_vaults_omnigrid
Vaults:3: v_misc_26, nicolae_vaults_rhombus_6, ontoclasm_vaults_ring_square,
          nicolae_vaults_big_ls, dpeg_vaults_waves, vaults_room_pools,
          nicolae_vaults_network_star, nicolae_vaults_circle_grid_b,
          minmay_crypt_entry_necro_gods, vaults_room_semicircle,
          vaults_mumra_hex, v_rooms_2, layout_vaults_ring, serial_shops,
          nicolae_shop_behind_doors, uniq_aizul
Vaults:4: nzn_ghost_randoct, nicolae_vaults_network_quincunx
          [nicolae_vaults_network_quincunx_subvault,
          nicolae_vaults_network_quincunx_subvault,
          nicolae_vaults_network_quincunx_subvault,
          nicolae_vaults_network_quincunx_subvault,
          nicolae_vaults_network_quincunx_subvault], v_misc_29, v_misc_23,
          v_misc_10, dpeg_vaults_monster_box, nicolae_vaults_border_crossing,
          layout_vaults_omnicross
Vaults:5: uniq_mara, uniq_mennas
Crypt:1:  layout_misc_corridors, minmay_guarded_unrand_curses,
          grunt_crypt_arrival_guarded_gate
Crypt:2:  hangedman_screamer, layout_misc_corridors, corexii_hall_statues_s,
          small_statue_intersection
Crypt:3:  quadcrypt_mu
Tomb:1:   uniq_boris
Tomb:2
Tomb:3
Depths:1: layout_cross, enter_ziggurat_c, serial_shops, shop, basic_altar,
          hangedman_coc_ice_floe, nicolae_dithmenos_the_darkroom
Depths:2: minmay_stepped, layout_honeycomb, pan_entry, mu_enter_wizlab_5,
          hell_entry, minmay_shop_grove, minmay_staircase_statues
Depths:3: nzn_winding_woodlands_stair_trap [nzn_winding_woodlands_5x15_parted,
          nzn_winding_woodlands_5x15_longhouse,
          nzn_winding_woodlands_5x15_cabin,
          nzn_winding_woodlands_15x15_thick_spiral,
          nzn_winding_woodlands_5x15_crooked, nzn_winding_woodlands_5x15_garden,
          nzn_winding_woodlands_5x15_split_checker], layout_gridlike,
          grunt_metal_band, abyss_entry, good_gods_mini_temple,
          ashenzari_conservatory_becter
Depths:4: grunt_x_marks_the_spot, layout_cave_pools, hell_entry,
          minmay_misc_feat_hallway
Hell
Dis:1:    layout_subdivisions
Dis:2:    layout_regular_city
Dis:3:    layout_jigsaw, nicolae_dis_spooky_hallway
Dis:4:    layout_overlapping_boxes, nicolae_dis_scattering
Dis:5:    layout_jigsaw
Dis:6:    layout_jigsaw, lemuel_mystery_crypt
Dis:7:    dis_hangedman
Geh:1:    layout_gehenna_pools_basic
Geh:2:    layout_gehenna_pools_basic
Geh:3:    layout_gehenna_pools_basic
Geh:4:    layout_gehenna_lava_caves
Geh:5:    layout_gehenna_pools_triple
Geh:6:    layout_gehenna_pools_box
Geh:7:    geh_mu
Coc:1:    layout_cocytus_delve
Coc:2:    layout_ice_bergs
Coc:3:    layout_cocytus_delve, nicolae_hells_fiendish_ambush
Coc:4:    layout_cocytus_water_paths
Coc:5:    layout_cocytus_water_paths
Coc:6:    layout_ice_bergs
Coc:7:    coc_grunt
Tar:1:    layout_honeycomb
Tar:2:    layout_grid_maze
Tar:3:    nicolae_tar_ssshhh
Tar:4:    layout_cathedral_of_symmetry, nicolae_hells_leichenhalle
Tar:5:    layout_honeycomb, nicolae_tar_just_some_guys
Tar:6:    layout_grid_maze, nicolae_tar_stay_or_leave
Tar:7:    tar_mu [tar_mu_maze]
Zot:1:    kennysheep_room_grid, layout_gridlike
Zot:2:    layout_misc_corridors
Zot:3:    hangedman_snap_crack_crunch, layout_onion_interference
Zot:4:    layout_cellular_growth, hangedman_zot_decor_slant, zot_minivault_3
Zot:5:    layout_misc_corridors

Skill      XL: |  1  2  3  4  5  6  7  8  9 10 11 12 13 14 15 16 17 18 19 20 21 22 23 24 25 26 27 |
---------------+----------------------------------------------------------------------------------+-----
Necromancy     | 1 2 3 4 5 |  5.3
Fighting       | 2 3 4 5 6 7 8 9 11 12 14 15 27 | 27.0
Transmutations | 3 4 5 7 8 9 10 13 14 | 14.0
Spellcasting   | 3 4 5 6 7 8 9 10 11 12 13 17 18 27 | 27.0
Ice Magic      | 2 4 6 7 8 23 | 23.1
Unarmed Combat | 4 6 7 8 10 12 13 15 27 | 27.0
Conjurations   | 2 5 7 8 9 10 13 16 18 21 23 | 23.0
Fire Magic     | 2 5 7 8 9 10 13 14 15 19 20 21 23 | 23.0
Hexes          | 1 3 5 |  5.0
Air Magic      | 1 8 |  8.1
Shields        | 1 6 27 | 27.0
Dodging        | 6 24 | 24.1
Earth Magic    | 3 10 13 14 21 | 21.8
Invocations    | 10 | 10.0
Summonings     | 5 |  5.0

Action                   |  1- 3 |  4- 6 |  7- 9 | 10-12 | 13-15 | 16-18 | 19-21 | 22-24 | 25-27 || total
-------------------------+-------+-------+-------+-------+-------+-------+-------+-------+-------++-------
Melee: Unarmed           |    40 |    43 |     2 |   315 |   772 |   136 |    70 |   108 |  1181 ||  2667
       Constrict         |    14 |    11 |    21 |     1 |       |       |    28 |    11 |   257 ||   343
       Punch             |     2 |     4 |     2 |       |       |       |    16 |    24 |   432 ||   480
       Tentacles         |     8 |     8 |    27 |     1 |       |     4 |    49 |    41 |   625 ||   763
       Whip              |       |     7 |    86 |    11 |       |       |       |       |       ||   104
       Flail             |       |       |     8 |       |       |       |       |       |       ||     8
       Staff             |       |       |       |       |     1 |     9 |    59 |    15 |   453 ||   537
 Fire: Hunting sling     |    36 |   117 |   172 |   245 |   213 |       |       |       |       ||   783
       Hand crossbow     |       |       |       |       |    16 |       |       |       |       ||    16
Throw: Dart              |       |       |       |       |       |     1 |       |       |       ||     1
 Cast: Pain              |    20 |    27 |       |       |       |       |       |       |       ||    47
       Animate Skeleton  |       |       |     1 |     1 |     3 |       |       |       |       ||     5
       Vampiric Draining |       |       |     2 |     4 |       |       |       |       |       ||     6
       Ice Form          |       |       |     1 |    40 |    98 |    21 |     2 |       |       ||   162
       Fireball          |       |       |       |       |    77 |   416 |   211 |    67 |     5 ||   776
       Fulminant Prism   |       |       |       |       |    10 |     1 |       |       |       ||    11
       Lightning Bolt    |       |       |       |       |    46 |   108 |    30 |       |       ||   184
       Irradiate         |       |       |       |       |    12 |    94 |    50 |    21 |    13 ||   190
       Starburst         |       |       |       |       |       |    13 |   286 |   120 |   541 ||   960
       Orb of Destructio |       |       |       |       |       |     4 |    48 |    80 |    56 ||   188
       Ozocubu's Armour  |       |       |       |       |       |     2 |     1 |       |       ||     3
       Statue Form       |       |       |       |       |       |       |    25 |    37 |   222 ||   284
       Iron Shot         |       |       |       |       |       |       |    12 |   291 |   282 ||   585
       Ignition          |       |       |       |       |       |       |       |     8 |    52 ||    60
       Lehudib's Crystal |       |       |       |       |       |       |       |       |  1073 ||  1073
       Fire Storm        |       |       |       |       |       |       |       |       |   776 ||   776
       Ozocubu's Refrige |       |       |       |       |       |       |       |       |   756 ||   756
       Polar Vortex      |       |       |       |       |       |       |       |       |   170 ||   170
       Summon Mana Viper |       |       |       |       |       |       |       |       |     7 ||     7
Invok: Channel Magic     |       |       |       |       |       |       |       |     8 |     2 ||    10
       Forget Spell      |       |       |       |       |       |       |       |     1 |       ||     1
 Abil: End Transformatio |       |       |       |       |     6 |     2 |       |       |     2 ||    10
Evoke: Wand              |       |       |       |       |       |       |       |       |    19 ||    19
  Use: Potion            |       |       |       |     7 |     7 |     3 |     7 |       |    44 ||    68
       Scroll            |       |       |       |    17 |    21 |     5 |    10 |     3 |    51 ||   107
 Stab: Petrified         |       |       |       |     5 |       |       |       |       |       ||     5
       Sleeping          |       |       |       |     1 |       |       |     1 |       |       ||     2
       Distracted        |       |       |       |       |     3 |       |     2 |       |       ||     5
Armor: Skin              |     1 |     1 |     3 |    97 |   203 |    39 |    75 |   135 |   799 ||  1353
Dodge: Dodged            |    31 |    32 |    75 |   262 |   645 |   245 |   198 |   218 |  1616 ||  3322
Block: Other             |       |     4 |    27 |    90 |   223 |    23 |     4 |       |       ||   371
       Reflection        |       |       |     1 |     2 |    17 |    48 |    59 |    45 |   135 ||   307
       Kite shield       |       |       |       |       |     3 |   197 |   339 |   302 |  2198 ||  3039
       Tower shield      |       |       |       |       |       |       |       |       |   757 ||   757
